 Dungeon Crawl Stone Soup version 0.31-a0-702-gf82c85558f (webtiles) character file.

Game seed: 4504529845759179527

13010148 WasteTime5 the Skinwalker (level 27, 217/217 HPs)
             Began as a Merfolk Monk on Sept 4, 2023.
             Was a High Priest of Cheibriados.
             Escaped with the Orb
             ... and 15 runes on Sept 8, 2023!
             The game lasted 06:47:36 (123885 turns).

WasteTime5 the Skinwalker (Merfolk Monk)          Turns: 123885, Time: 06:47:36

Health: 217/217    AC: 24    Str: 33 (36) XL:     27
Magic:  55/55      EV: 50    Int: 45 (49) God:    Cheibriados [*****.]
Gold:   13253      SH: 34    Dex: 32 (37) Spells: 6/63 levels left

rFire   + +          +
                       - Unarmed
rCold   + + +        E - +8 tower shield {rC+}
rNeg    + + +        l - +7 faerie dragon scales {rCorr Dex+7}
rPois   +            P - +3 hat of Pondering {ponderous, Will+ MP+10 Int+5}
rElec   +            i - scarf {rC+ rF+}
rCorr   +            F - +1 pair of gloves "Makhler" {rF++ Str-4 Int+3}
SInv    .            g - +0 pair of boots of the Vaults {*Corrode Fly rElec rN+++}
Will    ++++.        b - dreamshard necklace {Acrobat *Dream}
Stlth   ++           y - ring of Vaneseso {*Slow rPois rC+ Str+10 Int+4}
HPRegen 0.56/turn    a - ring of the Hare {EV+10}
MPRegen 0.34/turn

%: corrode self (3%), slow self (1%), acrobat
@: flying, studying 2 skills, very slow
A: (nimble swimmer 2), mertail, horns 1, clever 2, cold resistance 1, frail 1,
strong-willed 1, teleportitis 1
0: Orb of Zot
}: 15/15 runes: decaying, serpentine, slimy, silver, golden, iron, obsidian,
icy, bone, abyssal, demonic, glowing, magical, fiery, dark
a: Renounce Religion, Bend Time, Temporal Distortion, Slouch, Step From Time


You escaped.
You worshipped Cheibriados.
Cheibriados was extremely pleased with you.
You visited 18 branches of the dungeon, and saw 87 of its levels.
You visited Pandemonium 3 times, and saw 14 of its levels.
You visited the Abyss 2 times.
You also visited: Bailey, Ice Cave and Desolation.

You collected 19092 gold pieces.
You spent 5839 gold pieces at shops.

Inventory:

Missiles
 x - 5 silver javelins
 C - 4 throwing nets
 Q - 23 javelins (quivered)
Armour
 g - the +0 pair of boots of the Vaults (worn) {*Corrode Fly rElec rN+++}
   (You found it in an ice cave)

   rElec:     It insulates you from electricity.
   rN+++:     It renders you almost immune to negative energy.
   Fly:       It grants you flight.
   *Corrode:  It may corrode you when you take damage.
 i - a scarf of resistance (worn)
 l - the +7 faerie dragon scales (worn) {rCorr Dex+7}
   (You took it off the Enchantress on level 3 of the Depths)

   Dex+7:     It affects your dexterity (+7).
   rCorr:     It protects you from acid and corrosion.
 E - a +8 tower shield of cold resistance (worn)
 F - the +1 pair of gloves "Makhler" (worn) {rF++ Str-4 Int+3}
   (You found it on level 7 of the Iron City of Dis)

   Str-4:     It affects your strength (-4).
   Int+3:     It affects your intelligence (+3).
   rF++:      It greatly protects you from fire.
 P - the +3 hat of Pondering (worn) {ponderous, Will+ MP+10 Int+5}
   (You found it on level 1 of the Depths)

   Int+5:     It affects your intelligence (+5).
   Will+:     It increases your willpower.
   MP+10:     It affects your magic capacity (+10).
Jewellery
 a - the ring of the Hare (right hand) {EV+10}
   (You bought it in a shop on level 1 of the Snake Pit)

   [ring of evasion]

   EV+10:     It affects your evasion (+10).
 b - the dreamshard necklace (around neck) {Acrobat *Dream}
   (You found it on level 7 of Cocytus)

   [amulet of the acrobat]

   *Dream:    It absorbs a single lethal wound into itself, holding its wearer
   just short of death and releasing dream-creatures to guard them.
   Acrobat:   It increases your evasion while moving and waiting.
 y - the ring of Vaneseso (left hand) {*Slow rPois rC+ Str+10 Int+4}
   (You took it off a deep elf blademaster on level 3 of the Elven Halls)

   [ring of poison resistance]

   Str+10:    It affects your strength (+10).
   Int+4:     It affects your intelligence (+4).
   rC+:       It protects you from cold.
   rPois:     It protects you from poison *Slow: It may slow you when you take
   damage.
 R - a ring of see invisible
 U - the ring of Gehem {rElec rC+ Dex+3 SInv}
   (You found it on level 3 of the Tomb of the Ancients)

   [ring of protection from cold]

   Dex+3:     It affects your dexterity (+3).
   rC+:       It protects you from cold.
   rElec:     It insulates you from electricity.
   SInv:      It lets you see invisible.
Talismans
 p - a talisman of death
Wands
 u - a wand of paralysis (100)
 z - a wand of polymorph (69)
 D - a wand of roots (4)
 H - a wand of mindburst (89)
 Y - a wand of light (56)
 Z - a wand of digging (1)
Scrolls
 d - 2 scrolls of enchant weapon
 j - 2 scrolls of revelation
 k - 11 scrolls of fear
 m - 9 scrolls of summoning
 n - 29 scrolls of teleportation
 q - a scroll of vulnerability
 t - 12 scrolls of blinking
 w - a scroll of immolation
 G - a scroll of silence
 L - a scroll of torment
 S - 17 scrolls of fog
 T - 2 scrolls of noise
Potions
 e - 9 potions of might
 f - 17 potions of brilliance
 o - 22 potions of heal wounds
 r - 8 potions of enlightenment
 s - 29 potions of curing
 v - 6 potions of resistance
 A - 6 potions of cancellation
 B - 7 potions of invisibility
 I - 6 potions of magic
 M - 3 potions of attraction
 O - 10 potions of mutation
Miscellaneous
 c - a tin of tremorstones (1/2)
 h - the horn of Geryon
 J - a phantom mirror
 K - a phial of floods
 N - a box of beasts
 W - a figurine of a ziggurat


   Skills:
 - Level 25.0 Fighting
 - Level 20.0 Throwing
 - Level 15.0 Armour
 - Level 24.0 Dodging
 - Level 8.0 Stealth
 - Level 20.0 Shields
 + Level 25.8 Unarmed Combat
 + Level 18.8 Spellcasting
 - Level 9.0 Conjurations
 - Level 3.0 Hexes
 + Level 20.8 Summonings
 - Level 9.0 Necromancy
 - Level 9.0 Translocations
 - Level 12.0 Transmutations
 - Level 25.0 Ice Magic
 - Level 3.0 Air Magic
 - Level 24.0 Invocations
 - Level 20.0 Evocations
 - Level 26.0 Shapeshifting


You had 6 spell levels left.
You knew the following spells:

 Your Spells              Type           Power      Damage    Failure   Level
a - Blink                 Tloc           100%       N/A       1%          2
b - Irradiate             Conj/Tmut      47%        3d27      1%          5
c - Summon Hydra          Summ           62%        N/A       1%          7
d - Passwall              Tmut/Erth      64%        N/A       1%          2
e - Monstrous Menagerie   Summ           62%        N/A       1%          7
f - Manifold Assault      Tloc           89%        N/A       1%          4
g - Wereblood             Tmut           100%       N/A       0%          2
h - Polar Vortex          Ice            66%        12d8*     3%          9
i - Dragon's Call         Summ           62%        N/A       16%         9
j - Ozocubu's Armour      Ice            100%       N/A       0%          3
k - Haunt                 Necr/Summ      54%        N/A       1%          7

Your spell library contained the following spells:

 Spells                   Type           Power      Damage    Failure   Level
 Summon Small Mammal      Summ           100%       N/A       0%          1
 Call Imp                 Summ           100%       N/A       0%          2
 Ensorcelled Hibernation  Hex/Ice        100%       N/A       0%          2
 Call Canine Familiar     Summ           100%       N/A       0%          3
 Frozen Ramparts          Ice            100%       1d16      0%          3
 Hailstorm                Conj/Ice       100%       3d20      0%          3
 Summon Ice Beast         Ice/Summ       100%       N/A       0%          4
 Apportation              Tloc           100%       N/A       1%          1
 Foxfire                  Conj/Fire      100%       2x1d9     1%          1
 Kiss of Death            Conj/Necr      100%       2d13      1%          1
 Magic Dart               Conj           100%       1d8       1%          1
 Necrotise                Necr           100%       1d9       1%          1
 Sandblast                Erth           84%        2d18      1%          1
 Shock                    Conj/Air       100%       1d9       1%          1
 Slow                     Hex            100%       N/A       1%          1
 Cigotuvi's Dreadful Rot  Necr/Pois/Air  100%       N/A       1%          2
 Lesser Beckoning         Tloc           100%       N/A       1%          2
 Momentum Strike          Conj/Tloc      100%       3d10      1%          2
 Poisonous Vapours        Pois/Air       100%       N/A       1%          2
 Scorch                   Fire           84%        2d8       1%          2
 Searing Ray              Conj           100%       2d8       1%          2
 Static Discharge         Conj/Air       100%       2-7/arc   1%          2
 Sublimation of Blood     Necr           89%        N/A       1%          2
 Confusing Touch          Hex            62%        N/A       1%          3
 Dazzling Flash           Conj/Hex       100%       N/A       1%          3
 Gell's Gravitas          Tloc           89%        N/A       1%          3
 Ignite Poison            Fire/Tmut/Pois 68%        N/A       1%          3
 Inner Flame              Hex/Fire       54%        N/A       1%          3
 Mephitic Cloud           Conj/Pois/Air  68%        N/A       1%          3
 Portal Projectile        Hex/Tloc       100%       N/A       1%          3
 Stone Arrow              Conj/Erth      100%       3d13      1%          3
 Summon Guardian Golem    Hex/Summ       99%        N/A       1%          3
 Swiftness                Air            62%        N/A       1%          3
 Teleport Other           Tloc           89%        N/A       1%          3
 Tukima's Dance           Hex            62%        N/A       1%          3
 Vampiric Draining        Necr           89%        2d12      1%          3
 Volatile Blastmotes      Fire/Tloc      100%       2d18      1%          3
 Anguish                  Hex/Necr       38%        N/A       1%          4
 Animate Armour           Summ/Erth      100%       N/A       1%          4
 Animate Dead             Necr           89%        N/A       1%          4
 Dispel Undead            Necr           89%        3d28      1%          4
 Flame Wave               Conj/Fire      70%        2d16      1%          4
 Fulminant Prism          Conj/Hex       38%        3d17      1%          4
 Iskenderun's Mystic Bla  Conj/Tloc      89%        2d17      1%          4
 Passage of Golubria      Tloc           89%        N/A       1%          4
 Petrify                  Tmut/Erth      77%        N/A       1%          4
 Sticky Flame             Conj/Fire      70%        2d8       1%          4
 Summon Lightning Spire   Summ/Air       99%        N/A       1%          4
 Agony                    Necr           89%        N/A       1%          5
 Arcjolt                  Conj/Air       38%        1d48      1%          5
 Freezing Cloud           Conj/Ice/Air   50%        6-21      1%          5
 Iskenderun's Battlesphe  Conj           89%        2d14      1%          5
 Metabolic Englaciation   Hex/Ice        53%        N/A       1%          5
 Summon Forest            Summ/Tloc      54%        N/A       1%          5
 Summon Mana Viper        Hex/Summ       99%        N/A       1%          5
 Yara's Violent Unravell  Hex/Tmut       41%        3d16      1%          5
 Simulacrum               Ice/Necr       57%        N/A       1%          6
 Summon Cactus Giant      Summ           62%        N/A       1%          6
 Airstrike                Air            31%        2d(5-21)  2%          4
 Cause Fear               Hex            31%        N/A       2%          4
 Fireball                 Conj/Fire      35%        3d15      3%          5
 Death Channel            Necr           44%        N/A       3%          6
 Dispersal                Tloc           44%        N/A       3%          6
 Leda's Liquefaction      Hex/Erth       27%        N/A       4%          4
 Olgreb's Toxic Radiance  Pois           42%        N/A       9%          4
 Conjure Ball Lightning   Conj/Air       38%        3x3d12    11%         6
 Eringya's Noxious Bog    Tmut/Pois      38%        4d6       11%         6
 Leda's Unmaking          Conj/Erth      35%        9d6       21%         6
 Starburst                Conj/Fire      35%        6d10      21%         6
 Lee's Rapid Deconstruct  Erth           21%        3d12*     24%         5
 Plasma Beam              Fire/Air       27%        2x1d39    56%         6
 Malign Gateway           Summ/Tloc      54%        N/A       1%          7
 Ozocubu's Refrigeration  Ice            66%        4d22      1%          7
 Spellforged Servitor     Conj/Summ      54%        N/A       1%          7
 Orb of Destruction       Conj           44%        9d12      19%         7
 Borgnjor's Revivificati  Necr           44%        N/A       80%         8
 Disjunction              Tloc           44%        N/A       80%         8
 Infestation              Necr           44%        N/A       80%         8
 Enfeeble                 Hex            31%        N/A       91%         7
 Discord                  Hex            31%        N/A       100%        8
 Ignition                 Fire           21%        3d8       100%        8
 Lehudib's Crystal Spear  Conj/Erth      35%        10d9      100%        8
 Maxwell's Capacitive Co  Air            31%        ∞         100%        8
 Chain Lightning          Conj/Air       38%        3d51      100%        9
 Death's Door             Necr           44%        N/A       100%        9
 Fire Storm               Conj/Fire      35%        8d9       100%        9
 Shatter                  Erth           21%        3d19*     100%        9


Dungeon Overview and Level Annotations

Branches:
Dungeon (15/15)            Temple (1/1) D:5            Lair (5/5) D:9
  Swamp (4/4) Lair:2        Snake (4/4) Lair:2        Slime (5/5) Lair:5
    Orc (2/2) D:11            Elf (3/3) Orc:2        Vaults (5/5) D:14
  Crypt (3/3) Vaults:3       Tomb (3/3) Crypt:3      Depths (4/4) D:15
   Hell (visited)             Dis (7/7) Hell            Geh (7/7) Hell
    Coc (7/7) Hell            Tar (7/7) Hell            Zot (5/5) Depths:4
 Bailey (visited)           IceCv (visited)         Desolation (visited)

Altars:
Ashenzari
Cheibriados
Dithmenos
Elyvilon
Fedhas
Gozag
Hepliaklqana
Kikubaaqudgha
Makhleb
Nemelex Xobeh
Okawaru
Qazlal
Ru
Sif Muna
Trog
Uskayaw
Vehumet
Wu Jian
Xom
Yredelemnul
Zin
The Shining One
Jiyva

Shops:
D:4 ?   D:8 !   Orc:1 *   Orc:2 [[?[*   Snake:1 ==:   Snake:4 :   Vaults:2 [=
Vaults:3 :(   Vaults:5 =

Portals:
Hell: Depths:1 Depths:2 Depths:3 Depths:4
Abyss: Depths:3
Pandemonium: Depths:2 Depths:4
Ziggurat: Depths:4


Innate Abilities, Weirdness & Mutations

((You are very nimble when in or above water. (Stealth+, EV+, Speed+++)))
Your lower body shifts to a powerful aquatic tail in water.
You have a pair of small horns on your head.
Your mind is very acute. (Int +8, Str/Dex -2)
Your flesh is cold resistant. (rC+)
You are frail. (-10% HP)
You are strong-willed. (Will+)
You are occasionally teleported next to monsters.


Message History

There is a stone staircase leading down here.
There is a stone staircase leading up here.
You fly upwards.
There is a stone staircase leading down here.
HP restored.
There is a stone staircase leading up here.
You fly upwards.
There is a stone staircase leading down here.
A soul eater comes into view.
You hit the soul eater but do no damage.
You headbutt the soul eater, but do no damage.
You pound the soul eater into fine dust!!!
The soul eater decays.
You headbutt the soul eater, but do no damage.
The soul eater is severely wounded.
You hit the soul eater.
The soul eater decays.
You headbutt the soul eater, but do no damage.
The soul eater is almost dead.
You block the soul eater's attack.
You closely miss the soul eater.
The soul eater is almost dead.
You pummel the soul eater like a punching bag!!!
You kill the soul eater!
Cheibriados appreciates the change of pace.
No target in view!
What level of the Dungeon? (default 1, ? - help)
Okay, then.
Unknown command.
There is a staircase leading out of the dungeon here.
Activating: Siphon Essence
Press: ? - help, Dir - look around, f - activate Nothing appears to happen.
You begin untransforming.
You continue untransforming. x3
You feel your undeath return to normal.
You start resting.
You are ready to siphon essence again.
You start resting.
Magic restored.
There is a staircase leading out of the dungeon here.
You have escaped!

####.## #..# #.# ##.## #..# #.#
##.# #..# #.## ##.#8# #..# #[..
## ##.#### #..# #### .# #.## #..#
.# #8#.## ##..#### .# ####.#
#..>...# .# #@#8# #######.# .#
##### #.###.#.## .############
#........#
............############.##.#..##
.##########.#...............#....
## #.#.##########.##.#.###
#.#..................##
#.#.####...######.#.... ####
#...# #........#.#....


There were no monsters in sight!

Vanquished Creatures
  Cerebov (Pan)
  Antaeus (Coc:7)
  the Royal Jelly (Slime:5)
  Asmodeus (Geh:7)
  Ereshkigal (Tar:7)
  the Serpent of Hell (Dis:7)
  Mnoleg (Pan)
  Gloorx Vloq (Pan)
  Khufu (Tomb:3)
  Dispater (Dis:7)
  8 dread liches
  9 ancient liches
  5 orbs of fire (Zot:5)
  Mara (Depths:2)
  3 juggernauts
  11 pandemonium lords
  The ghost of Izden the Slayer, a veteran MiFi of Okawaru (Elf:3)
  33 royal mummies
  Sojobo (Vaults:2)
  10 shard shrikes
  Margery (Vaults:2)
  2 Killer Klowns (Zot:5)
  Bai Suzhen (Snake:4)
  40 caustic shrikes
  A curse toe (Crypt:3)
  Vashnia (Snake:3)
  Geryon (Hell)
  Nikola (Snake:3)
  10 golden dragons
  Jory (Vaults:4)
  9 profane servitors
  2 pearl dragons (Pan)
  the Enchantress (Depths:3)
  31 bone dragons
  15 Tzitzimimeh
  8 doom hounds
  13 iron giants
  4 electric golems
  A shard shrike zombie (Tar:7)
  2 spectral shard shrikes
  19 Brimstone Fiends
  25 Orb Guardians (Zot:5)
  Zenata (Vaults:1)
  7 liches
  15 tentacled monstrosities
  8 hellephants
  Mlioglotl (Snake:4)
  13 tainted leviathans
  13 titans
  22 Ice Fiends
  4 deep elf blademasters
  24 Hell Sentinels
  21 searing wretches
  2 shard shrike skeletons (Tar:7)
  32 acid blobs
  4 deep elf master archers (Elf:3)
  Frances (Elf:1)
  18 sphinxes
  3 eldritch tentacles (Dis:7)
  A tentacled starspawn (Abyss:4)
  Murray (Hell)
  21 ancient champions
  4 death cobs
  5 quicksilver dragons
  35 Executioners
  Kirke (Lair:3)
  2 thorn hunters
  Agnes (Snake:3)
  13 storm dragons
  24 azure jellies
  8 shadow dragons
  4 draconian monks
  Aizul (Vaults:2)
  14 tengu reavers
  7 revenants
  Roxanne (Swamp:3)
  Donald (Elf:1)
  2 nagarajas (Snake:4)
  23 rockslimes
  36 daevas (Pan)
  4 deep elf sorcerers
  3 draconian knights
  3 imperial myrmidons (Desolation)
  11 demonspawn warmongers (Pan)
  A fenstrider witch (Swamp:1)
  13 quicksilver elementals
  22 fire giants
  3 deep elf elementalists (Elf:3)
  9 iron dragons
  A juggernaut zombie (Tar:7)
  35 narguns
  15 vault wardens
  7 draconian stormcallers
  16 frost giants
  2 curse skulls
  12 draconian scorchers
  A spectral juggernaut (Tar:4)
  62 balrugs
  10 shard shrike simulacra
  A caustic shrike zombie (Hell)
  5 draconian shifters
  4 orc warlords
  5 draconian annihilators
  40 angels
  5 spectral caustic shrikes
  4 spriggan defenders (Depths:3)
  5 ghouls
  10 formless jellyfish
  2 caustic shrike skeletons
  28 reapers
  14 ironbound preservers
  27 cacodemons
  16 stone giants
  32 ophanim
  10 quicksilver oozes
  14 war gargoyles
  7 vampire knights
  24 very ugly things
  8 demonspawn corrupters (Pan)
  20 putrid mouths
  6 demonspawn blood saints (Pan)
  12 green draconians
  11 ironbound thunderhulks
  Nessos (D:14)
  23 elemental wellsprings
  9 deep elf demonologists
  8 eleionomae
  25 lorocyprocas
  6 dire elephants
  9 black draconians
  11 purple draconians
  A spectral titan (Tar:2)
  11 demonspawn black suns (Pan)
  15 wendigos
  The ghost of Obergh the Unseen, a journeyman SpBr (Depths:2)
  3 halazid warlocks (Desolation)
  52 apis (Pan)
  8 bennus
  4 crystal guardians
  8 white draconians
  12 deep elf annihilators
  2 bunyips
  12 yellow draconians
  5 spark wasps (Depths:3)
  9 red draconians
  Snorg (D:13)
  43 blizzard demons
  36 green deaths
  10 deep elf death magi
  15 eidola
  31 mummy priests
  15 ettins
  7 iron golems
  A spectral quicksilver dragon (Tar:2)
  2 shambling mangroves
  6 fire dragons
  An entropy weaver (Vaults:1)
  11 jiangshi
  A merfolk impaler (Depths:1)
  7 deep elf high priests
  Josephine (D:11)
  A great orb of eyes (shapeshifter) (Vaults:5)
  A spriggan zombie (Crypt:1)
  30 vault guards
  2 rakshasas
  13 great orbs of eyes
  13 hydras
  9 peacekeepers
  6 ragged hierophants (Desolation)
  A spectral spriggan (Tar:2)
  22 yaktaur captains
  Erolcha (Orc:2)
  20 salamander tyrants
  5 servants of whispers (Desolation)
  9 hell beasts
  8 ironbound frosthearts
  4 spriggan air magi
  3 juggernaut simulacra
  3 ghost crabs
  10 caustic shrike simulacra
  7 ice dragons
  5 ogre magi
  4 fenstrider witch skeletons
  A catoblepas (Lair:5)
  13 centaur warriors
  5 alligators
  2 spriggan skeletons (Pan)
  A death knight (D:15)
  6 anacondas
  Erica (Lair:1)
  8 boulder beetles
  29 dancing weapons
  49 death scarabs
  7 naga warriors
  4 deep troll shamans
  An azure jelly zombie (Crypt:2)
  22 stokers
  44 hell hogs
  7 deep troll earth magi
  8 two-headed ogres
  8 vampire magi
  A spectral dire elephant (Tar:5)
  42 demonic crawlers
  3 tengu warriors (D:14)
  13 naga sharpshooters
  10 death yaks
  Urug (D:10)
  4 spriggan berserkers
  A titan zombie (Tar:7)
  7 shock serpents
  10 orc high priests
  4 thrashing horrors (Abyss:2)
  6 spriggans
  Amaemon (Lair:1)
  17 hell knights
  120 sun demons
  8 crystal echidnas
  14 deep elf knights
  39 shadow wraiths
  43 skeletal warriors
  A golden dragon zombie (Crypt:3)
  7 salamander mystics
  2 skysharks
  73 soul eaters
  2 titan skeletons
  Lodul (D:10)
  29 sixfirhies (Pan)
  An iron giant zombie (Crypt:1)
  8 swamp dragons
  49 deep trolls
  67 large abominations
  2 iron trolls
  A wretched star (Abyss:2)
  A spriggan druid (Swamp:1)
  4 goliath frogs
  24 cherubim
  6 naga ritualists
  3 anaconda zombies
  8 quicksilver dragon simulacra
  26 shadow demons
  A spectral anaconda (Tar:2)
  4 flayed ghosts
  13 deep elf archers
  Pikel (D:9)
  3 spectral hydras
  7 spriggan simulacra
  17 wizards
  A bunyip skeleton (Pan)
  A shadow dragon zombie (Tomb:1)
  13 harpies
  8 bog bodies
  5 glowing orange brains
  25 deep elf pyromancers
  11 phantasmal warriors
  21 ironbound convokers
  14 orc knights
  An alligator zombie (Crypt:1)
  15 necromancers
  8 lindwurms
  4 starcursed masses
  19 salamanders
  A fire giant zombie (Vaults:4)
  5 orc sorcerers
  A human zombie (Vaults:2)
  30 deep elf zephyrmancers
  16 mana vipers
  A spectral alligator snapping turtle (Tar:2)
  39 ugly things
  An oklob plant (Snake:3)
  A shadow dragon skeleton (Pan)
  6 shining eyes
  4 will-o-the-wisps
  2 fauns (shapeshifter) (Vaults:5)
  3 spectral centaurs (Tar:2)
  2 draconian zombies (Crypt:1)
  22 moths of wrath
  Maurice (Orc:1)
  6 cyclopes
  8 manticores
  A manticore (shapeshifter) (Vaults:5)
  41 black mambas
  An iron dragon skeleton (Pan)
  An alligator skeleton (Crypt:3)
  19 vault sentinels
  4 elf zombies
  4 guardian serpents
  6 ice statues
  5 rust devils
  7 elephants (Lair:5)
  17 naga magi
  3 centaur zombies
  Joseph (D:9)
  42 orange demons
  104 smoke demons
  3 molten gargoyles
  5 titan simulacra
  An emperor scorpion simulacrum (Coc:1)
  2 gargoyles
  2 torpor snails (Lair:5)
  4 eyes of devastation
  3 centaur skeletons
  10 cane toads
  A dire elephant zombie (Crypt:1)
  3 stone giant skeletons
  A naga skeleton (Crypt:3)
  54 hellions
  2 dire elephant skeletons (Pan)
  An elf skeleton (Vaults:2)
  Psyche (D:8)
  16 freezing wraiths
  37 yaktaurs
  4 unseen horrors
  3 bunyip simulacra (Coc:1)
  9 rime drakes
  31 tormentors
  5 kobold demonologists
  5 nameless horrors
  A swamp worm zombie (Crypt:1)
  6 anaconda simulacra
  An iron giant simulacrum (Coc:2)
  6 komodo dragons
  A white draconian skeleton (Crypt:3)
  3 hydra zombies
  2 alligator snapping turtle skeletons
  4 tengu conjurers
  14 efreet
  9 ice devils
  2 burning bushes (Lair:1)
  2 golden dragon simulacra
  3 harpy zombies
  3 spectral nagas
  A death drake zombie (Crypt:1)
  2 ancient zymes (Abyss:4)
  13 red devils
  4 silent spectres
  44 guardian mummies
  A queen bee (shapeshifter) (Elf:2)
  5 trolls
  6 spectral harpies
  65 hellwings
  5 harpy skeletons
  3 polar bears
  4 raiju (Abyss:3)
  9 hornets
  A polar bear (shapeshifter) (D:14)
  A shadow dragon simulacrum (Coc:1)
  5 tyrant leeches
  41 saltlings (Desolation)
  An ettin zombie (Tomb:3)
  A hydra skeleton (Tar:7)
  A raiju (shapeshifter) (D:15)
  9 dream sheep (Lair:5)
  An iron dragon simulacrum (Coc:3)
  A human simulacrum (Vaults:4)
  4 stone giant simulacra
  11 blink frogs
  An ettin skeleton (Crypt:2)
  A fire dragon skeleton (Pan)
  A jumping spider (shapeshifter) (Vaults:3)
  A culicivora (shapeshifter) (Elf:2)
  An ice dragon skeleton (Crypt:2)
  68 slime creatures
  2 shadows
  A culicivora (Vaults:1)
  14 ushabtiu
  Sigmund (D:6)
  5 air elementals
  58 ynoxinuls
  34 flying skulls
  5 small abominations
  3 wyverns
  8 wraiths
  3 centaur simulacra
  A fire elemental (Depths:4)
  4 hogs (Lair:3)
  4 naga simulacra
  4 fire bats (Pan)
  9 water elementals
  Grum (Lair:1)
  5 vampires
  9 dire elephant simulacra
  43 yaks
  A human (Lair:3)
  A human (shapeshifter) (D:12)
  2 black mamba skeletons
  8 golden eyes
  Eustachio (D:4)
  5 basilisks
  48 chaos spawn
  2 alligator snapping turtle simulacra
  44 neqoxecs (Pan)
  A yaktaur simulacrum (Vaults:2)
  27 vampire mosquitoes
  2 steam dragons
  The ghost of bowo the Insei, an amateur OpSh (D:4)
  15 harpy simulacra
  A naga zombie (Tomb:1)
  A faun zombie (Crypt:2)
  32 nagas
  9 water moccasins
  7 wargs
  8 hydra simulacra
  18 swamp worms
  A floating eye (Depths:2)
  4 hell hounds
  A merfolk skeleton (Crypt:3)
  An acid dragon (D:13)
  A floating eye (shapeshifter) (Elf:3)
  A glowing shapeshifter skeleton (Vaults:2)
  A spectral yak (Lair:2)
  28 orc warriors
  A swamp drake (Swamp:3)
  A two-headed ogre skeleton (Crypt:3)
  A sky beast (D:8)
  A cane toad skeleton (Crypt:3)
  8 ettin simulacra
  An ice dragon simulacrum (Coc:2)
  3 black bears
  26 ogres
  5 boggarts
  5 wolves
  4 lemures (D:9)
  3 phantoms
  7 centaurs
  5 kobold brigands
  A cyclops zombie (Crypt:2)
  3 necrophages
  3 gnoll sergeants
  A human skeleton (Vaults:4)
  8 bullfrogs
  4 earth elementals (Elf:3)
  2 spectral water moccasins (Lair:2)
  5 scorpions
  2 cane toad simulacra (IceCv)
  5 wights (D:9)
  A warg zombie (Crypt:2)
  8 killer bees
  8 vampire bats (Bailey)
  4 howler monkeys
  6 wolf zombies (Bailey)
  2 electric eels
  8 crimson imps (Pan)
  2 quasits (Abyss:2)
  2 hounds (D:6)
  39 orc priests
  A jelly (D:5)
  Natasha (thrice) (D:3)
  Jessica (D:2)
  A sleepcap (D:4)
  Terence (D:3)
  A black bear skeleton (Crypt:2)
  4 iguanas
  Ijyb (D:3)
  24 orc wizards
  A boggart zombie (D:15)
  7 hell rats
  A boggart skeleton (D:15)
  A troll simulacrum (IceCv)
  A deep dwarf skeleton (Crypt:3)
  A tengu skeleton (Crypt:3)
  50 mummies
  20 gnolls
  A steam dragon zombie (Crypt:1)
  8 adders
  9 river rats (Lair:4)
  A swamp drake skeleton (Crypt:2)
  A shadow imp (D:7)
  2 white imps
  3 ufetubi
  A worm (D:5)
  A dart slug (D:5)
  98 orcs
  7 ball pythons
  A bat skeleton (Crypt:1)
  3 endoplasms
  6 giant cockroaches
  5 goblins
  4 hobgoblins
  26 kobolds
  3 quokkas
  3 bats
  A frilled lizard (D:1)
  A hobgoblin zombie (Crypt:2)
  24 orc zombies (Bailey)
  8 rats
  A spectral orc (D:6)
  7 creeping infernos
  17 fire vortices
4891 creatures vanquished.

Vanquished Creatures (collateral kills)
  A seraph (Pan)
  Lom Lobon (Pan)
  2 dread liches (Tar:7)
  An ancient lich (Tar:7)
  2 shard shrikes (Coc:7)
  3 caustic shrikes (Dis:7)
  2 profane servitors
  A bone dragon (Tar:4)
  2 Tzitzimimeh (Tar:7)
  A pandemonium lord (Pan)
  2 iron giants
  3 doom hounds
  2 Ice Fiends (Coc:7)
  2 Hell Sentinels
  A spectral shard shrike (Tar:4)
  A searing wretch (Geh:6)
  2 daevas (Pan)
  A nargun (Coc:7)
  An iron dragon (Dis:6)
  A deep elf elementalist (Elf:3)
  2 angels (Pan)
  A curse skull (Pan)
  A shard shrike simulacrum (Coc:7)
  A draconian annihilator (Pan)
  4 ophanim (Pan)
  2 cacodemons (Pan)
  A juggernaut zombie (Tomb:3)
  5 war gargoyles (Dis:7)
  A reaper (Tar:3)
  2 bennus (Tomb:3)
  6 apis (Pan)
  3 putrid mouths
  A wendigo (Coc:7)
  A lorocyproca (Pan)
  A deep elf annihilator (Pan)
  2 crystal guardians (Dis:6)
  4 iron golems
  A spectral spriggan (Tar:2)
  A green death (Pan)
  2 mummy priests
  2 servants of whispers (Desolation)
  5 boulder beetles (Dis:7)
  A juggernaut simulacrum (Coc:7)
  A spectral stone giant (Tar:4)
  4 death scarabs (Tomb:3)
  A demonic crawler (Pan)
  A dancing weapon (Elf:2)
  2 hell hogs (Geh:4)
  2 crystal echidnas
  A skeletal warrior (Tomb:3)
  7 cherubim (Pan)
  3 sixfirhies
  A quicksilver dragon simulacrum (Coc:7)
  A deep elf pyromancer (Elf:2)
  5 orange demons (Pan)
  A hellion (Tar:2)
  3 freezing wraiths (Coc:7)
  3 efreet (Pan)
  2 tormentors
  An anaconda simulacrum (Coc:7)
  5 guardian mummies (Tomb:3)
  3 spectral harpies
  A spectral naga (Tar:4)
  7 saltlings (Desolation)
  2 nameless horrors
  2 ushabtiu (Tomb:3)
  A redback (Vaults:1)
  A large abomination (Pan)
  3 mummies
146 creatures vanquished.

Vanquished Creatures (others)
  A Hell Sentinel (Dis:2)
  18 eldritch tentacles
  A fire giant (Geh:2)
  A balrug (Geh:7)
  A war gargoyle (Dis:2)
  An elemental wellspring (Coc:3)
  An apis (Pan)
  A lorocyproca (Pan)
  3 wendigos
  A blizzard demon (Pan)
  3 caustic shrike simulacra
  2 stokers
  A goliath frog (Swamp:1)
  2 quicksilver dragon simulacra (Coc:3)
  2 ironbound convokers
  2 deep elf pyromancers (Elf:3)
  A deep elf zephyrmancer (Elf:3)
  A mana viper (Snake:4)
  A salamander (Snake:3)
  An eye of devastation (Depths:2)
  2 smoke demons (Pan)
  3 titan simulacra
  An anaconda simulacrum (Coc:7)
  A komodo dragon (Lair:2)
  A tormentor (Geh:5)
  A spectral harpy (Tar:4)
  An iron giant simulacrum (Coc:7)
  A guardian mummy (Tomb:3)
  5 bloated husks
  2 hellwings (Pan)
  A stone giant simulacrum (Coc:2)
  A hornet (Swamp:3)
  A slime creature (Slime:5)
  A spriggan (Swamp:4)
  A ynoxinul (Pan)
  3 dire elephant simulacra
  2 golden eyes (Slime:5)
  A swamp worm (Swamp:2)
  2 nagas (Lair:2)
  An ettin simulacrum (Coc:5)
  2 naga simulacra (Coc:3)
  An orc priest (Orc:2)
  An orc (Elf:1)
  A quokka (D:7)
  A creeping inferno (Geh:5)
  2 fire vortices
  24 foxfires
  4 starspawn tentacles
113 creatures vanquished.

Grand Total: 5150 creatures vanquished

Notes
Turn   | Place    | Note
-------+----------+-------------------------------------------
     0 | D:1      | WasteTime5 the Merfolk Monk began the quest for the Orb.
     0 | D:1      | Reached XP level 1. HP: 18/18 MP: 1/1
   330 | D:1      | Reached XP level 2. HP: 18/24 MP: 2/2
   792 | D:1      | Reached XP level 3. HP: 29/29 MP: 3/3
  1036 | D:2      | Noticed Jessica
  1044 | D:2      | Killed Jessica
  1045 | D:2      | Reached skill level 5 in Unarmed Combat
  1045 | D:2      | Reached XP level 4. HP: 34/35 MP: 4/4
  1558 | D:3      | Noticed Ijyb
  1610 | D:3      | Killed Ijyb
  1794 | D:3      | Found a stormy altar of Qazlal.
  1795 | D:3      | Found a blossoming altar of Fedhas.
  1887 | D:3      | Noticed Terence
  1895 | D:3      | Killed Terence
  1896 | D:3      | Reached XP level 5. HP: 41/41 MP: 5/5
  1901 | D:3      | Found a faded altar of an unknown god.
  1905 | D:3      | Noticed Natasha
  1915 | D:3      | Killed Natasha
  2230 | D:3      | Noticed Natasha
  2242 | D:3      | Killed Natasha
  2243 | D:3      | Reached XP level 6. HP: 47/47 MP: 6/6
  2527 | D:3      | Noticed Natasha
  2543 | D:3      | Killed Natasha
  3025 | D:4      | Found a burning altar of Makhleb.
  3057 | D:4      | Reached skill level 5 in Dodging
  3245 | D:4      | Found a glowing golden altar of the Shining One.
  3320 | D:4      | Reached XP level 7. HP: 52/52 MP: 7/7
  3438 | D:4      | Noticed Eustachio
  3463 | D:4      | Killed Eustachio
  3464 | D:4      | Found a hide-covered altar of Uskayaw.
  3534 | D:4      | Found a runed translucent door.
  3961 | D:4      | Noticed bowo's ghost (amateur OpSh)
  4098 | D:4      | Found Eklock's Magic Scroll Boutique.
  4108 | D:4      | Bought a scroll of teleportation for 36 gold pieces
  4108 | D:4      | Bought a scroll of revelation for 90 gold pieces
  4174 | D:5      | Entered Level 5 of the Dungeon
  4301 | D:5      | Reached XP level 8. HP: 50/58 MP: 8/8
  4643 | D:5      | Found a staircase to the Ecumenical Temple.
  4652 | Temple   | Entered the Ecumenical Temple
  4840 | D:6      | Found a radiant altar of Vehumet.
  4875 | D:6      | Reached skill level 10 in Unarmed Combat
  5004 | D:6      | Found a basalt altar of Yredelemnul.
  5117 | D:6      | Found a snail-covered altar of Cheibriados.
  5119 | D:6      | Found an iron altar of Okawaru.
  5125 | D:6      | Became a worshipper of Cheibriados the Contemplative
  5125 | D:6      | Reached * piety under Cheibriados
  5125 | D:6      | Reached ** piety under Cheibriados
  5356 | D:6      | Noticed Sigmund
  5394 | D:6      | Killed Sigmund
  5644 | D:7      | Found a flagged portal.
  5691 | Bailey   | Entered a bailey
  5709 | Bailey   | Reached XP level 9. HP: 64/64 MP: 9/9
  5790 | Bailey   | Noticed a gargoyle
  5796 | Bailey   | Killed a gargoyle
  5889 | Bailey   | Reached *** piety under Cheibriados
  6178 | Bailey   | Reached **** piety under Cheibriados
  6506 | D:7      | Reached skill level 1 in Armour
  6632 | D:7      | Found a white marble altar of Elyvilon.
  7185 | D:8      | Found a sparkling altar of Nemelex Xobeh.
  7283 | D:8      | Reached XP level 10. HP: 70/70 MP: 10/10
  7289 | D:8      | Noticed Psyche
  7295 | D:8      | Killed Psyche
  7296 | D:8      | Reached skill level 2 in Shapeshifting
  7356 | D:8      | Found Sihotz's Distillery.
  7363 | D:8      | Bought a potion of heal wounds for 80 gold pieces
  7363 | D:8      | Bought a potion of might for 64 gold pieces
  7363 | D:8      | Bought a potion of attraction for 48 gold pieces
  7456 | D:8      | Reached ***** piety under Cheibriados
  7685 | D:8      | Reached skill level 3 in Shapeshifting
  7951 | D:9      | Noticed a manticore
  7963 | D:9      | Killed a manticore
  7964 | D:9      | Reached skill level 4 in Shapeshifting
  8266 | D:9      | Reached skill level 5 in Shapeshifting
  8424 | D:9      | Reached skill level 6 in Shapeshifting
  8429 | D:9      | Noticed Pikel
  8452 | D:9      | Killed Pikel
  8453 | D:9      | Reached skill level 15 in Unarmed Combat
  8453 | D:9      | Reached skill level 7 in Shapeshifting
  8453 | D:9      | Reached XP level 11. HP: 72/75 MP: 11/11
  8489 | D:9      | Noticed Joseph
  8497 | D:9      | Killed Joseph
  8498 | D:9      | Reached skill level 8 in Shapeshifting
  8517 | D:9      | Found a shimmering blue altar of Sif Muna.
  8571 | D:9      | Found a staircase to the Lair.
  8718 | D:10     | Entered Level 10 of the Dungeon
  8785 | D:10     | Reached skill level 10 in Dodging
  8844 | D:10     | Noticed Urug
  8856 | D:10     | Killed Urug
  8912 | D:10     | Reached ****** piety under Cheibriados
  8987 | D:10     | Reached skill level 9 in Shapeshifting
  8992 | D:10     | Noticed Lodul
  8993 | D:10     | Reached skill level 1 in Evocations
  9026 | D:10     | Killed Lodul
  9472 | Lair:1   | Entered Level 1 of the Lair of Beasts
  9584 | Lair:1   | Reached skill level 1 in Invocations
  9584 | Lair:1   | Reached skill level 10 in Shapeshifting
  9666 | Lair:1   | Noticed Grum
  9680 | Lair:1   | Killed Grum
  9744 | Lair:1   | Reached XP level 12. HP: 81/81 MP: 13/13
  9864 | Lair:1   | Noticed Amaemon
  9880 | Lair:1   | Killed Amaemon
  9981 | Lair:1   | Noticed Erica
  9994 | Lair:1   | Killed Erica
  9995 | Lair:1   | Reached skill level 11 in Shapeshifting
 10577 | Lair:2   | Reached skill level 12 in Shapeshifting
 10663 | Lair:2   | Found a staircase to the Snake Pit.
 10692 | Lair:2   | Noticed a ghost crab
 10692 | Lair:2   | Noticed a ghost crab
 10700 | Lair:2   | Killed a ghost crab
 10707 | Lair:2   | Killed a ghost crab
 10709 | Lair:2   | Reached skill level 5 in Fighting
 10802 | Lair:2   | Noticed a boulder beetle
 10989 | Lair:2   | You fall into a shaft and drop 1 floor!
 11080 | Lair:3   | Noticed Kirke
 11090 | Lair:3   | Reached XP level 13. HP: 92/92 MP: 15/15
 11100 | Lair:3   | Killed Kirke
 11162 | Lair:3   | Reached skill level 13 in Shapeshifting
 11215 | Lair:3   | Found a frozen archway.
 11237 | IceCv    | Entered an ice cave
 11813 | IceCv    | Identified the +0 pair of boots of the Vaults {*Corrode Fly
                  | rElec rN+++}
 12287 | Lair:3   | Found a runed translucent door.
 12306 | Lair:3   | Got the Information on Resurrection
 13422 | Lair:2   | Found a staircase to the Swamp.
 13714 | Lair:4   | Reached skill level 14 in Shapeshifting
 14087 | Lair:4   | Learned a level 2 spell: Blink
 14107 | Lair:4   | Reached XP level 14. HP: 105/105 MP: 16/16
 14125 | Lair:4   | Reached skill level 1 in Spellcasting
 14125 | Lair:4   | Reached skill level 1 in Translocations
 14636 | Lair:5   | Entered Level 5 of the Lair of Beasts
 14999 | Lair:5   | Reached skill level 15 in Dodging
 15154 | Lair:5   | Identified the +1 falchion of Niel {heavy, Stlth+}
 15233 | Lair:5   | Found a staircase to the Slime Pits.
 15454 | Lair:5   | Reached skill level 15 in Shapeshifting
 15899 | Lair:5   | Identified the amulet "Zose" {rElec Will- Regen+ Int+4}
 16225 | D:11     | Noticed Josephine
 16229 | D:11     | Killed Josephine
 16369 | D:11     | Found a staircase to the Orcish Mines.
 16716 | D:11     | Paralysed by a kobold for 2 turns
 17063 | D:11     | Reached XP level 15. HP: 113/113 MP: 18/18
 17340 | Orc:1    | Entered Level 1 of the Orcish Mines
 17436 | Orc:2    | Entered Level 2 of the Orcish Mines
 17438 | Orc:2    | Noticed Maurice
 17462 | Orc:1    | Killed Maurice
 17566 | Orc:2    | Found Rudgh's Armour Boutique.
 17614 | Orc:2    | Noticed Erolcha
 17792 | Orc:2    | Reached skill level 16 in Shapeshifting
 17895 | Orc:2    | Killed Erolcha
 18097 | Orc:2    | Noticed an orc warlord
 18108 | Orc:2    | Killed an orc warlord
 18405 | Orc:2    | Found a staircase to the Elven Halls.
 18590 | Orc:2    | Found Vuimyut's Antique Armour Shoppe.
 18590 | Orc:2    | Found Piosor's Assorted Antiques.
 18884 | Orc:2    | Bought an ichor-stained scale mail for 234 gold pieces
 18884 | Orc:2    | Identified the +1 scale mail of Jauskov {Harm rElec rC++
                  | Dex-2} (You bought it in a shop on level 2 of the Orcish
                  | Mines)
 18893 | Orc:2    | Bought an ancient cloak for 256 gold pieces
 18893 | Orc:2    | Identified the +1 cloak of Rerros {Rampage rPois rF-
                  | Stlth+} (You bought it in a shop on level 2 of the Orcish
                  | Mines)
 18949 | Orc:2    | Bought a runed helmet for 202 gold pieces
 18968 | Orc:2    | Bought a pair of embroidered gloves for 202 gold pieces
 19194 | Orc:2    | Found Fin Mav's Magic Scroll Boutique.
 19194 | Orc:2    | Found Guuck's Armour Shoppe.
 19201 | Orc:2    | Bought a scroll of identify for 24 gold pieces
 19201 | Orc:2    | Bought a scroll of identify for 24 gold pieces
 19201 | Orc:2    | Bought a scroll of revelation for 90 gold pieces
 19489 | Orc:1    | Reached skill level 5 in Evocations
 19489 | Orc:1    | Found Eqicko's Assorted Antiques.
 19694 | Orc:1    | Bought a scroll of identify for 50 gold pieces
 20451 | D:12     | Reached skill level 17 in Shapeshifting
 20685 | D:12     | Paralysed by an ogre mage for 4 turns
 20705 | D:12     | Identified the +0 leather armour "Bicsycei" {Harm +Inv
                  | Dex-3 Slay+3}
 20944 | D:13     | Identified the +7 broad axe of Jocular Reinforcement
                  | {flame, *Rage Int+3 Dex+3}
 20945 | Abyss:2  | Cast into level 2 of the Abyss (a wizard)
 20963 | Abyss:2  | Noticed a black draconian knight
 20979 | Abyss:2  | Killed a black draconian knight
 20980 | Abyss:2  | Reached skill level 1 in Stealth
 21193 | Abyss:2  | Reached skill level 5 in Stealth
 21231 | Abyss:2  | Found a corrupted altar of Lugonu.
 21305 | Abyss:2  | Noticed a lich
 21308 | Abyss:2  | Killed a lich
 21342 | D:13     | Escaped the Abyss
 21359 | D:13     | Reached XP level 16. HP: 95/120 MP: 19/19
 21519 | D:13     | Noticed Snorg
 21526 | D:13     | Killed Snorg
 21682 | D:13     | Reached skill level 5 in Invocations
 21823 | D:14     | Noticed a sphinx
 21827 | D:14     | Noticed a sphinx
 21829 | D:14     | Found the +5 glaive of the Guard {elec, spectral, AC+5}
 21830 | D:14     | Noticed a tengu reaver
 21837 | D:14     | Killed a tengu reaver
 21841 | D:14     | Killed a sphinx
 21848 | D:14     | Reached skill level 10 in Fighting
 21851 | D:14     | Killed a sphinx
 22139 | D:14     | Found a gate to the Vaults.
 22605 | D:14     | Found a broken altar of Ashenzari.
 22776 | D:14     | Noticed Nessos
 22783 | D:14     | Killed Nessos
 22932 | D:15     | Entered Level 15 of the Dungeon
 23094 | D:15     | Learned a level 4 spell: Summon Ice Beast
 23187 | D:15     | Reached skill level 1 in Summonings
 23187 | D:15     | Reached skill level 1 in Ice Magic
 23212 | D:15     | Reached skill level 18 in Shapeshifting
 23359 | D:15     | Found a staircase to the Depths.
 23872 | Lair:1   | Upgraded the game from 0.31-a0-667-g39726597b9 to
                  | 0.31-a0-675-g238779eb0a
 23931 | Snake:1  | Entered Level 1 of the Snake Pit
 24462 | Snake:1  | Reached XP level 17. HP: 135/135 MP: 13/22
 24833 | Snake:1  | Identified the +4 ring mail of the Game of Kings {Str+3}
 24919 | Snake:1  | Found Worac's Book Shop.
 24919 | Snake:1  | Found Ywant's Jewellery Shoppe.
 24920 | Snake:1  | Found Vaosch's Jewellery Shoppe.
 24928 | Snake:1  | Bought the ring "Xihoevir" {rN+ Will+ Int+4} for 847 gold
                  | pieces
 25913 | Snake:3  | Noticed Vashnia
 25920 | Snake:3  | Reached skill level 19 in Shapeshifting
 25956 | Snake:3  | Killed Vashnia
 26127 | Snake:3  | Noticed Agnes
 26132 | Snake:3  | Killed Agnes
 26235 | Snake:3  | Reached skill level 1 in Throwing
 26250 | Snake:3  | Found a bloodstained altar of Trog.
 26261 | Snake:3  | Noticed Nikola
 26270 | Snake:3  | Killed Nikola
 27059 | Snake:1  | Bought a manual of Dodging for 1120 gold pieces
 27187 | Snake:4  | Entered Level 4 of the Snake Pit
 27601 | Snake:4  | Noticed Bai Suzhen
 27611 | Snake:4  | Killed Bai Suzhen
 27758 | Snake:4  | Found Hidavon's Book Shop.
 27811 | Snake:4  | Reached XP level 18. HP: 147/147 MP: 23/23
 27815 | Snake:4  | Noticed Mlioglotl
 27820 | Snake:4  | Noticed a profane servitor
 27824 | Snake:4  | Killed Mlioglotl
 27849 | Snake:4  | Reached skill level 20 in Shapeshifting
 27853 | Snake:4  | Reached skill level 5 in Throwing
 28167 | Snake:4  | Identified the +5 quarterstaff of Stained Reinforcement
                  | {heavy, Int+3 Stlth+}
 28261 | Snake:4  | Noticed a quicksilver dragon
 28266 | Snake:4  | Killed a quicksilver dragon
 28414 | Snake:4  | Reached skill level 15 in Fighting
 28495 | Snake:4  | Got a serpentine rune of Zot
 28887 | Swamp:1  | Entered Level 1 of the Swamp
 30091 | Swamp:2  | You fall into a shaft and drop 1 floor!
 30378 | Swamp:3  | Noticed Roxanne
 30432 | Swamp:3  | Identified the +2 long sword of Blood {drain, rPois MP+9
                  | Int+5}
 30483 | Swamp:3  | Found an opulent altar of Gozag.
 30997 | Swamp:3  | Killed Roxanne
 31033 | Swamp:4  | Entered Level 4 of the Swamp
 31183 | Swamp:4  | Reached skill level 21 in Shapeshifting
 31350 | Swamp:4  | Reached XP level 19. HP: 157/157 MP: 24/24
 31520 | Swamp:4  | Got a decaying rune of Zot
 31994 | Vaults:1 | Entered Level 1 of the Vaults
 32461 | Vaults:1 | Noticed Zenata
 32471 | Vaults:1 | Killed Zenata
 33817 | Vaults:1 | Reached skill level 1 in Shields
 34018 | Vaults:2 | Found Mulaimad's Armour Shoppe.
 34077 | Vaults:2 | Noticed Aizul
 34083 | Vaults:2 | Killed Aizul
 34164 | Vaults:2 | Noticed Margery
 34168 | Vaults:2 | Reached skill level 5 in Ice Magic
 34179 | Vaults:2 | Killed Margery
 34180 | Vaults:2 | Noticed Sojobo
 34181 | Vaults:2 | Reached skill level 5 in Summonings
 34191 | Vaults:2 | Reached XP level 20. HP: 139/164 MP: 10/26
 34210 | Vaults:2 | Killed Sojobo
 34672 | Vaults:2 | You fall into a shaft and drop 1 floor!
 34710 | Vaults:3 | Reached skill level 5 in Shields
 34806 | Vaults:3 | Found a staircase to the Crypt.
 34931 | Vaults:2 | Found Jesybby's Jewellery Boutique.
 35416 | Vaults:3 | Identified the +0 leather armour of Anwemys {Rampage rF+
                  | rC- Stlth+}
 35644 | Vaults:3 | Found Vibeukk's Weapon Emporium.
 35646 | Vaults:3 | Paralysed by a great orb of eyes for 3 turns
 35709 | Vaults:3 | Reached skill level 22 in Shapeshifting
 35893 | Vaults:3 | Identified a scroll of acquirement
 35895 | Vaults:3 | Acquired the +1 helmet of Fonixze {+Blink rC+ rN+ Dex+2}
 36660 | Vaults:3 | Found Jeceud's Book Emporium.
 37025 | Vaults:4 | Reached XP level 21. HP: 171/171 MP: 27/27
 37030 | Vaults:4 | Noticed Jory
 37045 | Vaults:4 | Killed Jory
 37205 | Vaults:4 | Found a crumbling gateway.
 37224 | Desolati | Entered the Desolation of Salt
 37305 | Desolati | Reached skill level 10 in Shields
 37326 | Desolati | Reached skill level 23 in Shapeshifting
 37436 | Desolati | Learned a level 4 spell: Summon Lightning Spire
 37458 | Desolati | Identified the +3 glaive "Loqeimep" {flame, Fly rPois
                  | Will-}
 37467 | Desolati | Got the Grimoire of the Impact
 37574 | Desolati | Identified the +7 halberd of Apnub {flame, Fragile Will+
                  | Dex+2}
 37589 | Desolati | Found the +10 dark maul {heavy}
 37592 | Desolati | Identified the +0 ring mail of Fypat {rElec rN+ Dex+2
                  | Stlth-}
 37708 | Desolati | Identified the amulet "Digae" {Faith Fly Str-5 Dex+5}
 39596 | Depths:1 | Entered Level 1 of the Depths
 40122 | Depths:1 | Reached XP level 22. HP: 165/178 MP: 28/28
 40299 | Depths:1 | Found a gateway to Hell.
 40435 | Depths:1 | Reached skill level 24 in Shapeshifting
 40815 | Depths:1 | Identified the +1 hat "Saezxio" {rF- MP+9 Str+3}
 40825 | Depths:1 | Found a radiant altar of Vehumet.
 40853 | Depths:1 | Found the +3 hat of Pondering {ponderous, Will+ MP+10
                  | Int+5}
 41000 | Depths:1 | Reached skill level 1 in Air Magic
 41125 | Depths:2 | Found a hide-covered altar of Uskayaw.
 41302 | Depths:2 | Found a one-way gate leading to the halls of Pandemonium.
 41315 | Depths:2 | Paralysed by a floating eye for 4 turns
 41410 | Depths:2 | Reached skill level 10 in Invocations
 41518 | Depths:2 | Found a runed translucent gate.
 41518 | Depths:2 | Found a runed translucent gate.
 41518 | Depths:2 | Found a runed translucent gate.
 41519 | Depths:2 | Found a viscous altar of Jiyva.
 41519 | Depths:2 | Noticed Obergh's ghost (journeyman SpBr)
 41677 | Depths:2 | Noticed Mara
 41686 | Depths:2 | Noticed WasteTime5's illusion
 41686 | Depths:2 | Killed Mara
 41743 | Depths:2 | You fall into a shaft and drop 1 floor!
 42064 | Depths:2 | Found the +0 mask of the Dragon {Will+ Slay+3 SInv}
 42314 | Depths:2 | Killed Obergh's ghost
 42727 | Depths:3 | Found a one-way gate to the infinite horrors of the Abyss.
 42912 | Depths:3 | Found a stormy altar of Qazlal.
 43017 | Depths:3 | Noticed the Enchantress
 43042 | Depths:3 | Killed the Enchantress
 43235 | Depths:3 | Reached XP level 23. HP: 184/184 MP: 31/31
 43393 | Depths:3 | Noticed a golden dragon
 43398 | Depths:3 | Killed a golden dragon
 43419 | Depths:3 | Noticed a golden dragon
 43426 | Depths:3 | Killed a golden dragon
 43427 | Depths:3 | Reached skill level 25 in Shapeshifting
 43505 | Depths:3 | Noticed a caustic shrike
 43516 | Depths:3 | Killed a caustic shrike
 43545 | Depths:3 | Noticed a juggernaut
 43556 | Depths:3 | Noticed a golden dragon
 43558 | Depths:3 | Killed a juggernaut
 43565 | Depths:3 | Killed a golden dragon
 43635 | Depths:3 | Identified the ring of Xom's Recklessness {rF+ rC+ Int+4}
 43641 | Depths:3 | Identified the +5 dagger of the Uplifting Hero {heavy,
                  | *Slow rF+++ rCorr Stlth+}
 43643 | Depths:3 | Got the Parchment of Variation
 43645 | Depths:3 | Identified the +5 spear of WasteTime5's Death {elec, rPois
                  | rN+ Dex-4}
 43649 | Depths:3 | Identified the amulet "Uzeazumm" {Reflect rC- Will+ Int+2
                  | SH+5}
 44277 | Snake:1  | Bought the ring of the Hare {EV+10} for 1408 gold pieces
 44277 | Snake:1  | Found the ring of the Hare {EV+10}
 44562 | Elf:1    | Entered Level 1 of the Elven Halls
 44562 | Elf:1    | Noticed Frances
 44577 | Elf:1    | Killed Frances
 44672 | Elf:1    | Paralysed by an air elemental for 1 turns
 44761 | Elf:1    | Noticed Donald
 44764 | Elf:1    | Killed Donald
 44947 | Elf:1    | You fall into a shaft and drop 1 floor!
 45244 | Elf:2    | Found a huge runed translucent gate.
 45244 | Elf:2    | Found a huge runed translucent gate.
 45245 | Elf:2    | Found a huge runed translucent gate.
 45246 | Elf:2    | Found a huge runed translucent gate.
 45247 | Elf:2    | Found a huge runed translucent gate.
 45310 | Elf:2    | Reached skill level 15 in Shields
 45839 | Elf:2    | Learned a level 5 spell: Summon Mana Viper
 46064 | Elf:1    | Reached skill level 1 in Hexes
 46289 | Elf:1    | Got Tolul's Grimoire of Left-Handed Magic
 46570 | Elf:3    | Entered Level 3 of the Elven Halls
 47131 | Elf:3    | Found a shimmering blue altar of Sif Muna.
 47154 | Elf:3    | Reached XP level 24. HP: 191/191 MP: 32/32
 47215 | Elf:3    | Got the Octavo of Wyrd
 47313 | Elf:3    | Found a runed translucent gate.
 47323 | Elf:3    | Found a runed translucent gate.
 47324 | Elf:3    | Found a runed translucent gate.
 47325 | Elf:3    | Noticed Izden's ghost (veteran MiFi)
 47665 | Elf:3    | Identified the ring of Vaneseso {*Slow rPois rC+ Str+10
                  | Int+4}
 47683 | Elf:3    | Identified the +1 leather armour of the Fiend {rN+}
 47758 | Elf:3    | Reached skill level 10 in Summonings
 48003 | Elf:3    | Learned a level 7 spell: Monstrous Menagerie
 48027 | Elf:3    | Identified the +3 ring mail "Bitokkad" {Dex+3}
 48057 | Elf:3    | Got Jec Urru's Treatise on the Dose
 48064 | Elf:3    | Identified the staff of the Priest {rElec rN++ Air}
 48138 | Elf:3    | Identified the staff "Zeorag" {rPois rF- rC+ Will+ MP+9
                  | Dex+4 Poison}
 48461 | Elf:3    | Paralysed by a Zot trap for 3 turns
 48468 | Elf:3    | Paralysed by a Zot trap for 2 turns
 48469 | Elf:3    | Gained mutation: You occasionally lose the ability to drink
                  | potions when taking damage. [mutagenic glow]
 48480 | Elf:2    | Gained mutation: You sometimes lose your temper in combat.
                  | [mutagenic glow]
 48486 | Elf:2    | Gained mutation: You are weak. (Str -2) [mutagenic glow]
 48498 | Elf:2    | Gained mutation: Armour fits poorly on your strangely
                  | shaped body. [mutagenic glow]
 48661 | Elf:2    | Lost mutation: You are weak. (Str -2) [potion of mutation]
 48661 | Elf:2    | Lost mutation: Armour fits poorly on your strangely shaped
                  | body. [potion of mutation]
 48661 | Elf:2    | Gained mutation: You are strong-willed. (Will+) [potion of
                  | mutation]
 48661 | Elf:2    | Gained mutation: You are vulnerable to cold. (rC-) [potion
                  | of mutation]
 48661 | Elf:2    | Gained mutation: Your spells are a little harder to cast,
                  | but a little more powerful. [potion of mutation]
 48687 | Elf:3    | Paralysed by a floating eye for 2 turns
 48702 | Elf:3    | Paralysed by an air elemental for 1 turns
 48712 | Elf:3    | Killed Izden's ghost
 48742 | Elf:3    | Identified the +2 cloak "Icatoech" {Contam Rampage rN+++
                  | Regen+}
 49134 | Vaults:2 | Bought a scarf of resistance for 672 gold pieces
 49541 | Slime:1  | Entered Level 1 of the Pits of Slime
 49683 | Slime:3  | Gained mutation: You are dopey. (Int -2) [a shining eye]
 49796 | Slime:4  | Gained mutation: You are weak. (Str -2) [a shining eye]
 49914 | Slime:5  | Entered Level 5 of the Pits of Slime
 50165 | Slime:5  | Found a viscous altar of Jiyva.
 50177 | Slime:5  | Gained mutation: You are very weak. (Str -4) [a shining
                  | eye]
 50179 | Slime:5  | Noticed the Royal Jelly
 50577 | Slime:5  | Killed the Royal Jelly
 50784 | Slime:5  | Identified the +5 quarterstaff "Amymuna" {flame, Str+2
                  | Dex+3}
 50954 | Slime:5  | Identified the +7 ring mail "Golohis" {Drain rN+ rCorr
                  | Dex+4}
 50955 | Slime:5  | Identified the +1 chain mail "Isuqed" {rElec rF+ Dex+3}
 50967 | Slime:5  | Got a slimy rune of Zot
 50969 | Slime:5  | Lost mutation: You are vulnerable to cold. (rC-) [potion of
                  | mutation]
 50969 | Slime:5  | Lost mutation: You are dopey. (Int -2) [potion of mutation]
 50969 | Slime:5  | Lost mutation: You occasionally lose the ability to drink
                  | potions when taking damage. [potion of mutation]
 50969 | Slime:5  | Lost mutation: You are strong-willed. (Will+) [potion of
                  | mutation]
 50969 | Slime:5  | Gained mutation: You expend magic power (3 MP) to
                  | strengthen your wands. [potion of mutation]
 50969 | Slime:5  | Gained mutation: You are frail. (-10% HP) [potion of
                  | mutation]
 50969 | Slime:5  | Gained mutation: You are partially covered in large bone
                  | plates. (SH +4) [potion of mutation]
 50978 | Slime:5  | Identified the +1 rapier of the Desert {flame, rF+}
 51301 | Slime:4  | Reached XP level 25. HP: 177/177 MP: 32/32
 51969 | Vaults:5 | Entered Level 5 of the Vaults
 51973 | Vaults:5 | Noticed an ancient lich
 51986 | Vaults:5 | Killed an ancient lich
 52215 | Vaults:5 | Noticed a dread lich
 52224 | Vaults:5 | Killed a dread lich
 52225 | Vaults:5 | Reached skill level 5 in Armour
 52225 | Vaults:5 | Reached skill level 15 in Summonings
 52289 | Vaults:5 | Noticed a dread lich
 52292 | Vaults:5 | Killed a dread lich
 52666 | Vaults:5 | Found Sucveg's Jewellery Emporium.
 52706 | Vaults:5 | Reached skill level 10 in Evocations
 52731 | Vaults:5 | Identified the +7 plate armour "Zeqotoini" {Dex+5}
 52772 | Vaults:5 | Identified the +7 dagger of Sega Jyneo {drain, rN+ Str+3
                  | Int+4 Dex-2}
 52989 | Vaults:5 | Got a silver rune of Zot
 53428 | Lair:1   | Learned a level 4 spell: Manifold Assault
 54161 | Crypt:1  | Entered Level 1 of the Crypt
 54208 | Crypt:1  | Reached XP level 26. HP: 188/188 MP: 32/32
 55295 | Crypt:2  | Learned a level 2 spell: Wereblood
 55397 | Crypt:2  | Noticed an ancient lich
 55406 | Crypt:2  | Killed an ancient lich
 55407 | Crypt:2  | Reached skill level 1 in Transmutations
 55772 | Crypt:3  | Entered Level 3 of the Crypt
 55917 | Crypt:3  | Lost mutation: You are partially covered in large bone
                  | plates. (SH +4) [potion of mutation]
 55917 | Crypt:3  | Lost mutation: Your spells are a little harder to cast, but
                  | a little more powerful. [potion of mutation]
 55917 | Crypt:3  | Lost mutation: You sometimes lose your temper in combat.
                  | [potion of mutation]
 55917 | Crypt:3  | Gained mutation: You have a pair of small antennae on your
                  | head. [potion of mutation]
 55917 | Crypt:3  | Gained mutation: You have hidden genetic potential. [potion
                  | of mutation]
 56054 | Crypt:3  | Found a basalt altar of Yredelemnul.
 56054 | Crypt:3  | Found an ancient bone altar of Kikubaaqudgha.
 56054 | Crypt:3  | Noticed a royal mummy
 56059 | Crypt:3  | Killed a royal mummy
 56214 | Crypt:3  | Identified the +2 falchion of the Ageing Priest {drain,
                  | Str+2}
 56221 | Crypt:3  | Identified the +4 trident of Makhleb's Favour {freeze,
                  | Dex+5}
 56282 | Crypt:3  | Identified the +7 plate armour "Qinukkig" {+Inv}
 56459 | Crypt:3  | Reached skill level 5 in Spellcasting
 56704 | Crypt:3  | Found a staircase to the Tomb.
 56810 | Crypt:3  | Reached skill level 5 in Translocations
 57128 | Crypt:3  | Identified the ring of the Iron Devil {rC+ Dex+3 Slay+3}
 57875 | Snake:1  | Bought a book of Alchemy for 392 gold pieces
 57881 | Snake:1  | Learned a level 5 spell: Irradiate
 58764 | Depths:4 | Entered Level 4 of the Depths
 58764 | Depths:4 | Noticed a juggernaut
 58764 | Depths:4 | Found a one-way gateway to a ziggurat.
 58784 | Depths:4 | Killed a juggernaut
 58785 | Depths:4 | Reached skill level 1 in Conjurations
 59331 | Depths:4 | Reached XP level 27. HP: 198/198 MP: 32/32
 59561 | Depths:4 | Found a gate to the Realm of Zot.
 59583 | Depths:4 | Reached skill level 5 in Transmutations
 59858 | Zot:1    | Entered Level 1 of the Realm of Zot
 60912 | Zot:2    | Gained mutation: You are covered in fur. (AC +1) [hidden
                  | potential]
 61498 | Zot:3    | Reached skill level 5 in Conjurations
 63154 | Zot:5    | Entered Level 5 of the Realm of Zot
 63683 | Zot:5    | Reached skill level 10 in Throwing
 64024 | Zot:5    | Noticed an orb of fire
 64157 | Zot:5    | Gained mutation: You are very frail. (-20% HP) [an orb of
                  | fire]
 64161 | Zot:5    | Killed an orb of fire
 64169 | Zot:5    | Noticed an orb of fire
 64175 | Zot:5    | Gained mutation: You occasionally lose the ability to drink
                  | potions when taking damage. [an orb of fire]
 64181 | Zot:5    | Killed an orb of fire
 64833 | Zot:5    | Gained mutation: You are extremely frail. (-30% HP)
                  | [mutagenic glow]
 64835 | Zot:5    | Gained mutation: Armour fits poorly on your strangely
                  | shaped body. [mutagenic glow]
 64851 | Zot:5    | Lost mutation: You occasionally lose the ability to drink
                  | potions when taking damage. [mutagenic glow]
 64860 | Zot:5    | Gained mutation: Your magical capacity is low. (-10% MP)
                  | [mutagenic glow]
 64872 | Zot:5    | Lost mutation: You are very weak. (Str -4) [mutagenic glow]
 64944 | Zot:5    | Noticed an orb of fire
 64960 | Zot:5    | Gained mutation: You are vulnerable to cold. (rC-) [an orb
                  | of fire]
 64962 | Zot:5    | Gained mutation: You are clumsy. (Dex -2) [an orb of fire]
 64963 | Zot:5    | Killed an orb of fire
 64979 | Zot:5    | Noticed an orb of fire
 64986 | Zot:5    | Killed an orb of fire
 65002 | Zot:5    | Noticed a dread lich
 65009 | Zot:5    | Killed a dread lich
 65010 | Zot:5    | Reached skill level 15 in Invocations
 65014 | Zot:5    | Lost mutation: You are weak. (Str -2) [hidden potential]
 65014 | Zot:5    | Lost mutation: You have hidden genetic potential. [hidden
                  | potential expressed]
 65100 | Zot:5    | Noticed an orb of fire
 65108 | Zot:5    | Killed an orb of fire
 65111 | Zot:5    | Noticed an ancient lich
 65116 | Zot:5    | Killed an ancient lich
 66060 | Lair:1   | Lost mutation: You are vulnerable to cold. (rC-) [potion of
                  | mutation]
 66060 | Lair:1   | Lost mutation: You expend magic power (3 MP) to strengthen
                  | your wands. [potion of mutation]
 66060 | Lair:1   | Lost mutation: Armour fits poorly on your strangely shaped
                  | body. [potion of mutation]
 66060 | Lair:1   | Gained mutation: Your flesh is heat resistant. (rF+)
                  | [potion of mutation]
 66060 | Lair:1   | Gained mutation: Your body sometimes deteriorates upon
                  | taking damage. [potion of mutation]
 66060 | Lair:1   | Lost mutation: You are covered in fur. (AC +1) [potion of
                  | mutation]
 66060 | Lair:1   | Gained mutation: You are somewhat resistant to further
                  | mutation. [potion of mutation]
 66061 | Lair:1   | Lost mutation: You are clumsy. (Dex -2) [potion of
                  | mutation]
 66061 | Lair:1   | Lost mutation: You are extremely frail. (-30% HP) [potion
                  | of mutation]
 66061 | Lair:1   | Lost mutation: You have a pair of small antennae on your
                  | head. [potion of mutation]
 66061 | Lair:1   | Gained mutation: You have a beak for a mouth. [potion of
                  | mutation]
 66062 | Lair:1   | Lost mutation: Your body sometimes deteriorates upon taking
                  | damage. [potion of mutation]
 66062 | Lair:1   | Lost mutation: You are somewhat resistant to further
                  | mutation. [potion of mutation]
 66062 | Lair:1   | Lost mutation: You are very frail. (-20% HP) [potion of
                  | mutation]
 66062 | Lair:1   | Gained mutation: You sometimes lose your temper in combat.
                  | [potion of mutation]
 66062 | Lair:1   | Lost mutation: Your flesh is heat resistant. (rF+) [potion
                  | of mutation]
 66062 | Lair:1   | Gained mutation: You are partially covered in iridescent
                  | scales. (AC +2) [potion of mutation]
 66062 | Lair:1   | Gained mutation: Your movements are slightly less
                  | encumbered by armour. (ER -2) [potion of mutation]
 66063 | Lair:1   | Lost mutation: You are partially covered in iridescent
                  | scales. (AC +2) [potion of mutation]
 66063 | Lair:1   | Lost mutation: You are frail. (-10% HP) [potion of
                  | mutation]
 66063 | Lair:1   | Lost mutation: You sometimes lose your temper in combat.
                  | [potion of mutation]
 66063 | Lair:1   | Gained mutation: You are clumsy. (Dex -2) [potion of
                  | mutation]
 66063 | Lair:1   | Gained mutation: You expend magic power (3 MP) to
                  | strengthen your wands. [potion of mutation]
 66163 | Lair:1   | Learned a level 7 spell: Ozocubu's Refrigeration
 66375 | Hell     | Entered the Vestibule of Hell
 66387 | Hell     | Noticed Geryon
 66571 | Hell     | Killed Geryon
 66580 | Hell     | Noticed Murray
 66608 | Hell     | Killed Murray
 66956 | Hell     | Found a gateway to the ashen valley of Gehenna.
 67218 | Hell     | Found a gateway to the decaying netherworld of Tartarus.
 67286 | Hell     | Found a gateway to the freezing wastes of Cocytus.
 67370 | Hell     | Found a gateway to the Iron City of Dis.
 68102 | Coc:1    | Entered Level 1 of Cocytus
 69231 | Coc:4    | Reached skill level 10 in Ice Magic
 69815 | Coc:5    | Noticed an ancient lich
 69815 | Coc:5    | Noticed a dread lich
 69815 | Coc:5    | Noticed an ancient lich
 69815 | Coc:5    | Noticed a dread lich
 69815 | Coc:5    | Noticed an ancient lich
 69821 | Hell     | Killed a dread lich
 69821 | Hell     | Killed a dread lich
 69822 | Hell     | Killed an ancient lich
 70121 | Hell     | Killed an ancient lich
 70741 | Pan      | Entered Pandemonium
 70875 | Pan      | Reached skill level 10 in Armour
 71319 | Pan      | Found an exit through the horrors of the Abyss.
 71600 | Pan      | Noticed Ethyakac the pandemonium lord
 71613 | Pan      | Killed Ethyakac the pandemonium lord
 72212 | Pan      | Noticed Pocrag the pandemonium lord
 72595 | Pan      | Found an exit through the horrors of the Abyss.
 73499 | Pan      | Killed Pocrag the pandemonium lord
 73507 | Pan      | Got a demonic rune of Zot
 73514 | Pan      | Identified the +0 scale mail of Ydagak {rF++ rC- rCorr SInv
                  | Stlth+}
 74263 | Pan      | Noticed Zucsuemo the pandemonium lord
 74273 | Pan      | Killed Zucsuemo the pandemonium lord
 76044 | Pan      | Identified the +0 chain mail of Kikubaaqudgha's Esteem
                  | {rElec}
 76106 | Pan      | Reached skill level 15 in Throwing
 76111 | Pan      | Found a white marble altar of Elyvilon.
 77281 | Pan      | Reached skill level 10 in Spellcasting
 77479 | Pan      | Identified the +0 tower shield of Kuill {rCorr Str+2}
 77481 | Pan      | Identified the amulet "Qepum" {Reflect Slay+2 SH+5}
 77777 | Pan      | Found a glowing silver altar of Zin.
 79332 | Pan      | Identified the +3 buckler of the Valley {Will+ Int+3}
 79384 | Pan      | Identified the ring of Lixzin {rC+ rN+ Str+4}
 79395 | Pan      | Noticed a seraph
 79407 | Pan      | Killed a seraph
 79408 | Pan      | Reached skill level 15 in Ice Magic
 79547 | Pan      | Found a glowing golden altar of the Shining One.
 79565 | Pan      | Identified the +7 broad axe "Naihetil" {flame, rC+ Will+}
 79574 | Pan      | Identified the +0 robe of Wenoy {rF+++ rC- MP+9 Stlth+}
 79936 | Depths:2 | Escaped Pandemonium
 80500 | Coc:5    | Killed an ancient lich
 80820 | Coc:6    | Noticed a dread lich
 80842 | Coc:6    | Killed a dread lich
 81261 | Coc:7    | Entered Level 7 of Cocytus
 81824 | Coc:7    | Identified the +0 robe "Plog" {Str-3 Int+4 Dex+3}
 82382 | Coc:7    | Paralysed by a wendigo for 1 turns
 82526 | Coc:7    | Identified the staff of Duty {Will++ Earth}
 82628 | Coc:7    | Found the dreamshard necklace {Acrobat *Dream}
 82644 | Coc:7    | Identified the +4 rapier of Corpus Delicti {drain, Fly
                  | Str+3}
 82732 | Coc:7    | Noticed Antaeus
 82867 | Coc:7    | Killed Antaeus
 83047 | Coc:7    | Got an icy rune of Zot
 83130 | Coc:7    | Reached skill level 15 in Armour
 83880 | Lair:1   | Upgraded the game from 0.31-a0-675-g238779eb0a to
                  | 0.31-a0-690-g7ce4588941
 84187 | Dis:1    | Entered Level 1 of the Iron City of Dis
 84657 | Lair:1   | Learned a level 7 spell: Malign Gateway
 85381 | Dis:3    | Noticed a dread lich
 85381 | Dis:3    | Noticed an ancient lich
 85389 | Hell     | Killed an ancient lich
 85635 | Dis:3    | Killed a dread lich
 86340 | Hell     | Reached skill level 15 in Evocations
 86645 | Dis:4    | You are sucked into a shaft and drop 2 floors!
 86715 | Dis:6    | Reached skill level 10 in Transmutations
 87090 | Dis:6    | Learned a level 3 spell: Ozocubu's Armour
 87092 | Dis:7    | Entered Level 7 of the Iron City of Dis
 88650 | Dis:7    | Noticed the Serpent of Hell
 88676 | Dis:7    | Killed the Serpent of Hell
 88817 | Dis:7    | Got Vogidiruim's Anthology of Dimensional Invitation
 88865 | Dis:7    | Found the +8 longbow "Zephyr" {speed, Dex+3 SInv}
 88952 | Dis:7    | Noticed Dispater
 89316 | Dis:7    | Identified the +9 rapier of Siommo Maas {freeze, Str+2
                  | Int-4 Stlth+}
 89656 | Dis:7    | Identified the ring "Heacwuir" {rF+ Int+3}
 89671 | Dis:7    | Identified the +1 pair of gloves "Makhler" {rF++ Str-4
                  | Int+3}
 89698 | Dis:7    | Got the Cyclopedia of Energy
 89705 | Dis:7    | Identified the +0 leather armour "Humeurch" {rPois Slay+2}
 89915 | Dis:7    | Killed Dispater
 90093 | Dis:7    | Got an iron rune of Zot
 90486 | Lair:1   | Learned a level 7 spell: Haunt
 90724 | Geh:1    | Entered Level 1 of Gehenna
 90819 | Geh:1    | Reached skill level 1 in Necromancy
 90837 | Geh:1    | Noticed a dread lich
 90898 | Geh:1    | Killed a dread lich
 91832 | Geh:4    | Noticed an ancient lich
 91835 | Geh:4    | Noticed an ancient lich
 91849 | Geh:4    | Killed an ancient lich
 91856 | Geh:4    | Killed an ancient lich
 91869 | Geh:4    | HP: 10/231 [balrug/fireball (6)]
 93430 | Geh:7    | Entered Level 7 of Gehenna
 93433 | Geh:7    | Reached skill level 15 in Spellcasting
 94927 | Geh:7    | Found the +13 sceptre of Asmodeus
 94927 | Geh:7    | Noticed Asmodeus
 95863 | Geh:7    | Identified the +5 plate armour of Egalitarianism {Dex+3}
 95872 | Geh:7    | Identified the +0 pair of boots "Nuamudynt" {rN+ Dex+2
                  | Stlth-}
 95991 | Geh:7    | Killed Asmodeus
 96105 | Geh:7    | Got an obsidian rune of Zot
 96764 | Tar:1    | Entered Level 1 of Tartarus
 98460 | Tar:7    | Entered Level 7 of Tartarus
 98733 | Lair:1   | Learned a level 7 spell: Summon Hydra
 99917 | Tar:7    | Noticed a dread lich
 99917 | Tar:7    | Noticed a dread lich
 99924 | Tar:7    | Killed a dread lich
 99934 | Tar:7    | Killed a dread lich
 99935 | Tar:7    | Noticed an ancient lich
 99938 | Tar:7    | Killed an ancient lich
 99980 | Tar:7    | Found the +7 hand cannon "Mule" {flame, backblast, rF+}
 99982 | Tar:7    | Identified the +1 dire flail "Qijel" {flame, *Noise MP+9
                  | Int-5 Dex+5}
100368 | Tar:7    | Noticed Ereshkigal
100400 | Tar:7    | Killed Ereshkigal
100401 | Tar:7    | Reached skill level 26 in Shapeshifting
100490 | Tar:7    | Got a bone rune of Zot
100599 | Tar:7    | Learned a level 2 spell: Passwall
100619 | Tar:7    | Found the +0 pair of fencer's gloves {Riposte Dex+3}
100695 | Tar:7    | Reached skill level 5 in Necromancy
100710 | Tar:7    | Identified the +2 leather armour of Least Resistance
                  | {Contam rF+ Regen+ Str+3}
101024 | Tar:7    | Identified the +9 morningstar of Terra Cotta {drain, rF+
                  | rN+ SInv}
101025 | Tar:7    | Identified the staff of the Fox {rPois rC+ rN+ Will-
                  | Poison}
101027 | Tar:7    | Identified the ring "Joicougi" {rPois rC+ rN+ MP-9}
101750 | Pan      | Entered Pandemonium
102030 | Pan      | Noticed Goaxkurch the pandemonium lord
102038 | Pan      | Killed Goaxkurch the pandemonium lord
103263 | Pan      | Found a huge runed translucent gate.
103264 | Pan      | Found a huge runed translucent gate.
103265 | Pan      | Found a huge runed translucent gate.
103268 | Pan      | Found a huge runed translucent gate.
103269 | Pan      | Found a huge runed translucent gate.
103270 | Pan      | Found a huge runed translucent gate.
103271 | Pan      | Found a huge runed translucent gate.
103296 | Pan      | Noticed Oguos the pandemonium lord
103322 | Pan      | Killed Oguos the pandemonium lord
103836 | Pan      | Entered the realm of Cerebov.
103898 | Pan      | Acquired the +4 kite shield of Temperance {Dex+5}
104514 | Pan      | Identified the +1 great mace of Gozag's Supremacy {drain,
                  | *Noise rN++ Int+4 Stlth+}
104613 | Pan      | Identified the amulet of Exoetz {Faith rF+ Str+5 Slay-4}
104818 | Pan      | Identified the +1 broad axe "Ippuhon" {heavy, rC+ Str+6
                  | Int-2}
105035 | Pan      | Found the +6 sword of Cerebov {flame}
105035 | Pan      | Noticed Cerebov
105062 | Pan      | Killed Cerebov
105343 | Pan      | Identified the +7 war axe of Balance {pain, rC+ Will++
                  | MP+9}
105344 | Pan      | Identified the staff of the Zealous God {Fragile rElec
                  | Will+++ rCorr Conj}
105383 | Pan      | Got a fiery rune of Zot
105582 | Pan      | Learned a level 9 spell: Polar Vortex
105802 | Pan      | Identified the +6 hand axe of Traps {venom, rElec Str-3
                  | Int+8}
105875 | Pan      | Identified the +6 mace "Beastslayer" {flame, rPois MP+9}
106102 | Pan      | Noticed Keria the pandemonium lord
106113 | Pan      | Killed Keria the pandemonium lord
107074 | Pan      | Found an exit through the horrors of the Abyss.
107351 | Pan      | Noticed Waeh the pandemonium lord
107361 | Pan      | Killed Waeh the pandemonium lord
108554 | Pan      | Noticed Saddiq the pandemonium lord
108579 | Pan      | Killed Saddiq the pandemonium lord
108919 | Pan      | Identified the +8 chain mail of the Prince of Darkness
                  | {rElec}
109037 | Pan      | Found an exit through the horrors of the Abyss.
109941 | Pan      | Found an exit through the horrors of the Abyss.
110322 | Pan      | Noticed Goisered the pandemonium lord
110329 | Pan      | Killed Goisered the pandemonium lord
110572 | Pan      | Entered the realm of Lom Lobon.
112093 | Pan      | Noticed Lom Lobon
112106 | Pan      | Killed Lom Lobon
112935 | Pan      | Got a magical rune of Zot
113042 | Pan      | Entered the realm of Mnoleg.
113628 | Pan      | Noticed Mnoleg
113642 | Pan      | Killed Mnoleg
113692 | Pan      | Got a glowing rune of Zot
114109 | Depths:2 | Escaped Pandemonium
114372 | Lair:1   | Upgraded the game from 0.31-a0-690-g7ce4588941 to
                  | 0.31-a0-702-gf82c85558f
114382 | Lair:1   | Learned a level 9 spell: Dragon's Call
114637 | Pan      | Entered the realm of Gloorx Vloq.
114637 | Pan      | Entered Pandemonium
114640 | Pan      | Noticed Gloorx Vloq
114657 | Pan      | Killed Gloorx Vloq
115254 | Pan      | Found an exit through the horrors of the Abyss.
115731 | Pan      | Got a dark rune of Zot
115875 | Pan      | Took an exit into the Abyss.
115875 | Abyss:2  | Escaped into the Abyss
115942 | Abyss:3  | Found a corrupted altar of Lugonu.
116042 | Abyss:4  | Found a glowing golden altar of the Shining One.
116084 | Abyss:4  | Noticed a juggernaut
116094 | Abyss:4  | Killed a juggernaut
116109 | Abyss:4  | Got an abyssal rune of Zot
116147 | Depths:2 | Escaped the Abyss
116561 | Tomb:1   | Entered Level 1 of the Tomb of the Ancients
117180 | Tomb:1   | Noticed a royal mummy
117192 | Tomb:1   | Killed a royal mummy
117296 | Tomb:1   | Noticed a royal mummy
117306 | Tomb:1   | Killed a royal mummy
117932 | Lair:1   | Lost mutation: Your movements are slightly less encumbered
                  | by armour. (ER -2) [potion of mutation]
117932 | Lair:1   | Lost mutation: You are clumsy. (Dex -2) [potion of
                  | mutation]
117932 | Lair:1   | Gained mutation: You are occasionally teleported next to
                  | monsters. [potion of mutation]
117932 | Lair:1   | Gained mutation: You are frail. (-10% HP) [potion of
                  | mutation]
117932 | Lair:1   | Gained mutation: You are strong-willed. (Will+) [potion of
                  | mutation]
117933 | Lair:1   | Lost mutation: You expend magic power (3 MP) to strengthen
                  | your wands. [potion of mutation]
117933 | Lair:1   | Lost mutation: You have a beak for a mouth. [potion of
                  | mutation]
117933 | Lair:1   | Gained mutation: You are vulnerable to cold. (rC-) [potion
                  | of mutation]
117933 | Lair:1   | Gained mutation: Your body sometimes deteriorates upon
                  | taking damage. [potion of mutation]
117933 | Lair:1   | Gained mutation: Your mind is acute. (Int +4, Str/Dex -1)
                  | [potion of mutation]
117934 | Lair:1   | Lost mutation: Your body sometimes deteriorates upon taking
                  | damage. [potion of mutation]
117934 | Lair:1   | Lost mutation: Your magical capacity is low. (-10% MP)
                  | [potion of mutation]
117934 | Lair:1   | Gained mutation: You are resistant to electric shocks.
                  | (rElec) [potion of mutation]
117934 | Lair:1   | Gained mutation: You have a pair of small horns on your
                  | head. [potion of mutation]
117935 | Lair:1   | Lost mutation: You are resistant to electric shocks.
                  | (rElec) [potion of mutation]
117935 | Lair:1   | Lost mutation: You are vulnerable to cold. (rC-) [potion of
                  | mutation]
117935 | Lair:1   | Gained mutation: Your mind is very acute. (Int +8, Str/Dex
                  | -2) [potion of mutation]
117935 | Lair:1   | Gained mutation: Your flesh is cold resistant. (rC+)
                  | [potion of mutation]
118435 | Tomb:2   | Noticed a royal mummy
118437 | Tomb:2   | Noticed a royal mummy
118438 | Tomb:2   | Noticed a royal mummy
118438 | Tomb:2   | Noticed a royal mummy
118441 | Tomb:2   | Killed a royal mummy
118446 | Tomb:2   | Killed a royal mummy
118447 | Tomb:2   | Killed a royal mummy
118447 | Tomb:2   | Killed a royal mummy
118898 | Tomb:1   | Noticed a royal mummy
118898 | Tomb:1   | Noticed a royal mummy
118898 | Tomb:1   | Noticed a royal mummy
118898 | Tomb:1   | Noticed a royal mummy
118899 | Tomb:1   | Noticed a royal mummy
118903 | Tomb:1   | Killed a royal mummy
118907 | Tomb:1   | Killed a royal mummy
118907 | Tomb:1   | Killed a royal mummy
118908 | Tomb:1   | Killed a royal mummy
118909 | Tomb:1   | Killed a royal mummy
119067 | Tomb:1   | Noticed a royal mummy
119079 | Tomb:1   | Noticed a royal mummy
119079 | Tomb:1   | Noticed a royal mummy
119079 | Tomb:1   | Noticed a royal mummy
119079 | Tomb:1   | Killed a royal mummy
119086 | Tomb:1   | Noticed a royal mummy
119088 | Tomb:1   | Noticed a royal mummy
119091 | Tomb:1   | Noticed a royal mummy
119092 | Tomb:1   | Killed a royal mummy
119096 | Tomb:1   | Killed a royal mummy
119098 | Tomb:1   | Killed a royal mummy
119101 | Tomb:1   | Killed a royal mummy
119123 | Tomb:1   | Killed a royal mummy
119124 | Tomb:1   | Killed a royal mummy
119245 | Tomb:1   | Noticed a royal mummy
119248 | Tomb:1   | Noticed a royal mummy
119249 | Tomb:1   | Noticed a royal mummy
119249 | Tomb:1   | Noticed a royal mummy
119253 | Tomb:1   | Noticed a royal mummy
119260 | Tomb:1   | Noticed a royal mummy
119265 | Tomb:1   | Killed a royal mummy
119792 | Tomb:1   | Killed a royal mummy
119832 | Tomb:1   | Killed a royal mummy
119842 | Tomb:1   | Killed a royal mummy
119893 | Tomb:1   | Killed a royal mummy
119902 | Tomb:1   | Killed a royal mummy
119998 | Tomb:3   | Entered Level 3 of the Tomb of the Ancients
120011 | Tomb:3   | Noticed a royal mummy
120034 | Tomb:3   | Killed a royal mummy
120041 | Tomb:3   | Noticed a royal mummy
120060 | Tomb:3   | Noticed a royal mummy
120065 | Tomb:3   | Noticed a royal mummy
120066 | Tomb:3   | Noticed a royal mummy
120073 | Tomb:3   | Noticed a royal mummy
120076 | Tomb:3   | Killed a royal mummy
120077 | Tomb:3   | Killed a royal mummy
120285 | Tomb:3   | Noticed a royal mummy
120285 | Tomb:3   | Noticed a royal mummy
120287 | Tomb:3   | Killed a royal mummy
120292 | Tomb:3   | Noticed Khufu
120293 | Tomb:3   | Killed a royal mummy
120606 | Tomb:3   | Killed Khufu
120609 | Tomb:3   | Killed a royal mummy
120616 | Tomb:3   | Killed a royal mummy
120619 | Tomb:3   | Killed a royal mummy
120799 | Tomb:3   | Identified the +7 sling of Buudima {elec, rN+ MP+9}
120922 | Tomb:3   | Found the +8 Vampire's Tooth {megavamp}
120949 | Tomb:3   | Identified the +1 mace of Faek {flame, rPois rN+}
120971 | Tomb:3   | Identified the +5 ring mail of the Beekeeper {rPois rC-
                  | rN+++ Slay+5}
120974 | Tomb:3   | Identified the +6 scale mail of the Snake Pit {rC+ rN+
                  | Int-4}
121013 | Tomb:3   | Identified the ring of Gehem {rElec rC+ Dex+3 SInv}
121165 | Tomb:3   | Got a golden rune of Zot
123052 | Zot:5    | Got the Orb of Zot
123196 | Depths:4 | Noticed Ofonoank the pandemonium lord
123214 | Depths:4 | Killed Ofonoank the pandemonium lord
123575 | D:4      | Noticed Kibiur the pandemonium lord
123585 | D:4      | Killed Kibiur the pandemonium lord
123635 | D:4      | Noticed Unaqe the pandemonium lord
123647 | D:4      | Killed Unaqe the pandemonium lord
123662 | D:4      | Killed bowo's ghost
123885 | D:$      | Escaped with the Orb!

Illustrated notes

Levels and vault maps discovered:
D:1:      nagdon_arrival_zigzag_paths, layout_basic, chequers_decorated_corner
D:2:      layout_loops_cross, uniq_jessica
D:3:      layout_loops_corners, grunt_temple_overflow_forces_of_nature,
          dreamdust_ecumenical_altar_grove, grunt_ministairs_7, uniq_terence,
          uniq_natasha, uniq_ijyb
D:4:      layout_layer_cave, kennysheep_mini, tso_metal_star,
          lemuel_crystal_altar, serial_shops, shop,
          ebering_ghost_reflecting_pool, minmay_between, uniq_eustachio
D:5:      layout_rooms, minmay_temple_entry_poolview, chequers_big_river
D:6:      layout_basic, yredelemnul_forgotten_temple_becter,
          nicolae_vehumet_radiance, minitemple, kennysheep_generic_room_15,
          uniq_sigmund
D:7:      layout_basic, elyvilon_altar_4, enter_bailey_2
D:8:      layout_loops_cross, mainiacjoe_overflow_brackets, serial_shops, shop,
          minmay_diced_spiral, uniq_psyche
D:9:      layout_gridville, mainiacjoe_overflow_concentric_impassable,
          grunt_lair_entry_orc_guard_hut, uniq_pikel, uniq_joseph
D:10:     layout_basic, uniq_lodul, uniq_urug
D:11:     layout_basic, erik_orc_3, nzn_sisyphean_effort, uniq_josephine
D:12:     layout_rooms, evilmike_minifort
D:13:     minmay_wizard_corner, layout_basic, uniq_snorg
D:14:     minmay_guarded_unrand_guard, layout_loops_ring, erik_vaults_1,
          serial_park_tiny_2, nicolae_ashenzari_skybound, uniq_nessos
D:15:     grunt_enter_depths_magical_seal, layout_rooms, hangedman_decor_push
Temple:   hellmonk_temple_beads
Lair:1:   layout_chaotic_city, evilmike_ambush [evilmike_ambush_outer_corners,
          evilmike_ambush_inner_basic], infiniplex_staircase_pool_2, uniq_erica,
          uniq_amaemon, uniq_grum
Lair:2:   layout_loops_ring, nicolae_swamp_entry_spooky,
          guppyfry_snake_entry_island, serial_bayou_pond_d, st_stairs_11,
          serial_bayou_shore_a, lemuel_fruit_tree, lemuel_fruit_fields
Lair:3:   layout_roguey, portal_ice_cave_rime, pdpol_lair_cabin_in_the_woods,
          uniq_kirke
Lair:4:   layout_regular_city, kennysheep_rathole, grunt_megastairs_3
Lair:5:   hangedman_lair_in_review, layout_gridlike, slime_entry_1
Swamp:1:  layout_falls_marsh, evilmike_swamp_ruin_house_2
Swamp:2:  nicolae_swamp_wrong_neighborhood, layout_basic_swamp,
          nicolae_swamp_orc_logging_accident, swamp_pool3
Swamp:3:  layout_basic_swamp, nicolae_swamp_godswood, swamp_pool4,
          infiniplex_staircase_pool, uniq_roxanne
Swamp:4:  swamp_vile, layout_basic_swamp
Snake:1:  layout_basic, nicolae_integral_box, minmay_shop_grove
Snake:2:  layout_grid_maze
Snake:3:  layout_rooms, lemuel_oklob_altar, uniq_nikola, uniq_vashnia,
          uniq_agnes
Snake:4:  hellmonk_snake_rune_quicksilver_temple, layout_onion, serial_shops,
          nicolae_shop_waterfront, drop_trap, uniq_bai_suzhen, uniq_mlioglotl
Slime:1:  layout_caves, nicolae_slime_getting_an_eyeful
Slime:2:  layout_caves
Slime:3:  layout_caves
Slime:4:  layout_caves
Slime:5:  slime_pit_nicolae_trefoil
Orc:1:    layout_caves, serial_shops, shop, basic_altar
Orc:2:    st_orc_town, layout_diamond_mine, serial_shops,
          nicolae_shop_statue_plus, uniq_maurice, uniq_erolcha
Elf:1:    minmay_elf_arrival_circle, layout_loops_cross, minmay_elf_necromancy,
          st_stairs_14, moated_statue, hangedman_elf_represent, uniq_donald,
          uniq_frances
Elf:2:    elven_hall_of_blades_hangedman_alternative [mumra_blade_entry_dagger],
          layout_gridlike
Elf:3:    minmay_elf_hall_not_hex, layout_geoelf_castle,
          gammafunk_ghost_tricky_traps, grunt_ministairs_7, abandoned_shop,
          hangedman_summoners_spam
Vaults:1: nicolae_vaults_doubleplus_tesselated, v_misc_23,
          ontoclasm_vaults_idyll, nicolae_vaults_closet_pinwheel_5,
          layout_vaults_omnigrid, uniq_zenata
Vaults:2: v_misc_17, nicolae_vaults_house_3, ontoclasm_vaults_tryst,
          nicolae_vaults_taking_the_gang_shopping, v_alt_pattern_6,
          nicolae_vaults_sealed_display, ontoclasm_vaults_ring_square,
          hangedman_vaults_cutoff, nicolae_vaults_trapezoid_layered, v_misc_19,
          nicolae_vaults_octothorpe, vaults_dpeg_cross,
          nicolae_vaults_sesquioval_fish, v_misc_14, v_misc_10,
          layout_vaults_maze_bifur, serial_shops, shop, uniq_sojobo,
          uniq_margery, uniq_aizul
Vaults:3: hangedman_vaults_stagger, dpeg_vaults_hating_casters,
          vaults_room_hallway, minmay_crypt_entry_simple_walls,
          nicolae_vaults_tetromino_Z_1, nicolae_vaults_hexular_roomagon,
          grunt_vaults_swirl, vaults_room_fancy_cross, dpeg_vaults_monster_box,
          nicolae_vaults_house_1, nicolae_vaults_house_1,
          nicolae_vaults_variable_pillar_hall, layout_vaults_big_room,
          serial_shops, nicolae_shop_trees
Vaults:4: portal_desolation_entry_ruin, nicolae_vaults_diamond_1,
          nicolae_vaults_theta, nicolae_vaults_six-pack,
          nicolae_vaults_surprise_closet, nicolae_vaults_twisting_passages,
          ontoclasm_vaults_gallery, hangedman_vaults_river_flow,
          vaults_room_stairs_pillars, hangedman_vaults_stitches, v_misc_28,
          layout_vaults_omnicross, uniq_jory
Vaults:5: serial_shops
Crypt:1:  layout_misc_corridors
Crypt:2:  layout_misc_corridors, grunt_megastairs_4
Crypt:3:  lightli_unholy_cathedral, layout_chaotic_city,
          tomb_entry_pyramid_bobbens
Tomb:1
Tomb:2
Tomb:3
Depths:1: layout_gridlike, minmay_stone_trees_large, pf_hell_entry_tar_river,
          minmay_liquid_box, nicolae_concentric_dashed_squares_wild,
          grunt_tower_of_power
Depths:2: grunt_double_whammy, layout_cave_shapes, hangedman_geh_valley,
          nicolae_uskayaw_dance_hall, gammafunk_ghost_ooze,
          rand_demon_pan_entry_7, kennysheep_generic_room_12, uniq_mara
Depths:3: minmay_nine_rooms, layout_basic, abyss_entry_glasseish,
          grunt_hell_horde, roderic_serpentine_path,
          nicolae_qazlal_general_emergency, serial_bayou_shore_b,
          uniq_enchantress
Depths:4: evilmike_zot_entry_round, layout_twisted_cross, enter_ziggurat_e,
          hellmouth_3, pan_entry
Hell
Dis:1:    layout_gridville
Dis:2:    nicolae_dis_hell_towers
Dis:3:    layout_gridville, nicolae_dis_having_a_grate_time
Dis:4:    layout_gridville
Dis:6:    layout_regular_city, nicolae_dis_distal_crystal
Dis:7:    iron_city_of_dis [dis_old, dis_wall_2], layout_gridville,
          nicolae_dis_bowling_alley
Geh:1:    nicolae_geh_erupted_tower, layout_gehenna_lava_caves
Geh:2:    layout_gehenna_pools_basic
Geh:3:    layout_gehenna_pools_triple
Geh:4:    nicolae_hells_demon_pit, layout_gehenna_pools_triple
Geh:5:    layout_gehenna_pools_box
Geh:6:    layout_gehenna_pools_basic
Geh:7:    evilmike_geh
Coc:1:    layout_cocytus_water_paths
Coc:2:    layout_cocytus_delve
Coc:3:    layout_cocytus_water_paths
Coc:4:    layout_cocytus_water_paths
Coc:5:    layout_ice_bergs, nicolae_coc_liches_on_tour
Coc:6:    layout_ice_bergs, nicolae_hells_hurtin_island
Coc:7:    coc_mu
Tar:1:    layout_grid_maze
Tar:2:    nicolae_tar_intersect_combbox, layout_cathedral_of_symmetry,
          nicolae_tar_combbox
Tar:3:    layout_grid_maze
Tar:4:    layout_grid_maze
Tar:5:    layout_grid_maze
Tar:6:    layout_grid_maze
Tar:7:    tar_old
Zot:1:    layout_gridlike, uniq_josephina
Zot:2:    layout_misc_corridors
Zot:3:    lemuel_draconian_sentries_small, layout_basic
Zot:4:    layout_cathedral_of_symmetry, grunt_megastairs_5
Zot:5:    layout_gridville

Skill      XL: |  1  2  3  4  5  6  7  8  9 10 11 12 13 14 15 16 17 18 19 20 21 22 23 24 25 26 27 |
---------------+----------------------------------------------------------------------------------+-----
Unarmed Combat | 4 5 6 7 8 9 11 13 15 16 17 18 22 25 | 25.8
Dodging        | 5 7 9 11 13 14 16 17 21 23 24 | 24.0
Armour         | 1 2 3 7 15 | 15.0
Shapeshifting  | 7 10 12 14 15 17 18 19 21 22 23 24 25 26 | 26.0
Evocations     | 3 5 7 9 11 12 20 | 20.0
Invocations    | 2 3 4 7 9 11 12 24 | 24.0
Fighting       | 5 8 9 12 14 16 17 18 25 | 25.0
Spellcasting   | 2 3 5 18 | 18.8
Translocations | 1 2 5 9 |  9.0
Stealth        | 7 8 |  8.0
Summonings     | 3 5 7 14 15 20 | 20.8
Ice Magic      | 3 5 25 | 25.0
Throwing       | 4 5 8 9 20 | 20.0
Shields        | 3 8 12 13 15 17 18 20 | 20.0
Air Magic      | 3 |  3.0
Hexes          | 3 |  3.0
Transmutations | 4 12 | 12.0
Conjurations   | 3 9 |  9.0
Necromancy     | 9 |  9.0

Action                     |  1- 3 |  4- 6 |  7- 9 | 10-12 | 13-15 | 16-18 | 19-21 | 22-24 | 25-27 || total
---------------------------+-------+-------+-------+-------+-------+-------+-------+-------+-------++-------
  Melee: Unarmed           |    59 |   168 |   380 |   427 |   896 |   748 |   997 |  1156 |  7863 || 12694
         Tailslap          |       |       |     9 |       |       |    14 |    13 |       |     9 ||    45
         Constrict         |       |       |       |    20 |   115 |       |       |       |       ||   135
         Bite              |       |       |       |       |       |     2 |       |       |       ||     2
         Punch             |       |       |       |       |       |     1 |    11 |     7 |    35 ||    54
         Peck              |       |       |       |       |       |       |       |       |  2030 ||  2030
         Headbutt          |       |       |       |       |       |       |       |       |   156 ||   156
  Throw: Dart              |       |     2 |       |    12 |       |       |       |       |       ||    14
         Javelin           |       |       |       |       |       |     4 |     3 |     7 |    42 ||    56
   Cast: Summon Ice Beast  |       |       |       |       |       |     1 |     6 |     2 |       ||     9
         Summon Lightning  |       |       |       |       |       |       |       |    12 |     3 ||    15
         Summon Mana Viper |       |       |       |       |       |       |       |     6 |    11 ||    17
         Wereblood         |       |       |       |       |       |       |       |       |    26 ||    26
         Monstrous Menager |       |       |       |       |       |       |       |       |   243 ||   243
         Manifold Assault  |       |       |       |       |       |       |       |       |   239 ||   239
         Ozocubu's Refrige |       |       |       |       |       |       |       |       |    61 ||    61
         Irradiate         |       |       |       |       |       |       |       |       |    53 ||    53
         Haunt             |       |       |       |       |       |       |       |       |    42 ||    42
         Polar Vortex      |       |       |       |       |       |       |       |       |    30 ||    30
         Summon Hydra      |       |       |       |       |       |       |       |       |    30 ||    30
         Malign Gateway    |       |       |       |       |       |       |       |       |    21 ||    21
         Passwall          |       |       |       |       |       |       |       |       |     9 ||     9
         Ozocubu's Armour  |       |       |       |       |       |       |       |       |     7 ||     7
         Blink             |       |       |       |       |       |       |       |       |     6 ||     6
         Dragon's Call     |       |       |       |       |       |       |       |       |     1 ||     1
 Invoke: Slouch            |       |       |       |     3 |     4 |     8 |    17 |    17 |    63 ||   112
Ability: Begin Untransform |       |       |       |       |     2 |       |       |       |     1 ||     3
         Breathe Fire      |       |       |       |       |       |     1 |       |       |       ||     1
         Blinkbolt         |       |       |       |       |       |       |     1 |       |    10 ||    11
         Siphon Essence    |       |       |       |       |       |       |       |       |     1 ||     1
  Evoke: Wand              |       |     2 |     5 |     4 |     2 |     1 |       |     1 |    23 ||    38
         Tin of tremorston |       |       |       |       |       |       |     2 |     4 |    11 ||    17
         Box of beasts     |       |       |       |       |       |       |     1 |     1 |     1 ||     3
         Phantom mirror    |       |       |       |       |       |       |       |     1 |     8 ||     9
         Phial of floods   |       |       |       |       |       |       |       |       |     6 ||     6
         Horn of Geryon    |       |       |       |       |       |       |       |       |     4 ||     4
    Use: Potion            |       |     1 |       |     3 |     1 |     1 |     5 |     5 |    10 ||    26
         Scroll            |       |       |     2 |     6 |    15 |     1 |     3 |     9 |    28 ||    64
   Stab: Invisible         |       |     1 |     2 |     8 |     1 |       |       |       |     2 ||    14
         Sleeping          |       |       |       |       |     6 |     8 |    19 |    16 |    32 ||    81
         Distracted        |       |       |       |       |     2 |     3 |     4 |    10 |   169 ||   188
         Petrifying        |       |       |       |       |       |       |       |       |     5 ||     5
         Confused          |       |       |       |       |       |       |       |       |     4 ||     4
         Paralysed         |       |       |       |       |       |       |       |       |     1 ||     1
 Armour: Robe              |    17 |    28 |       |       |       |       |       |       |       ||    45
         Leather armour    |       |     9 |   105 |       |       |       |       |       |       ||   114
         Skin              |       |       |     1 |    36 |   203 |   403 |   434 |   414 |   669 ||  2160
         Ring mail         |       |       |    26 |   107 |    51 |       |       |       |       ||   184
         Acid dragon scale |       |       |       |       |       |       |       |       |   799 ||   799
  Dodge: Dodged            |    38 |   119 |   407 |   529 |  1063 |  2036 |  2412 |  1640 |  7152 || 15396
         Repelled          |       |       |     1 |    11 |       |    36 |    10 |    14 |       ||    72
  Block: Orb               |       |    28 |    42 |       |       |       |       |       |       ||    70
         Reflection        |       |       |     2 |       |       |       |       |   117 |   205 ||   324
         Other             |       |       |     1 |       |       |       |       |       |    33 ||    34
         Tower shield      |       |       |       |       |       |       |  1254 |  2029 | 11090 || 14373
         Form:             |       |       |       |     4 |     3 |     1 |       |       |     5 ||    13
         Beast             |       |       |       |     2 |     1 |       |       |       |       ||     3
         Anaconda          |       |       |       |     2 |     3 |     2 |       |       |     1 ||     8
         Statue            |       |       |       |     1 |     3 |     3 |     1 |     4 |    13 ||    25
         Dragon            |       |       |       |       |       |     1 |       |       |     1 ||     2
         Maw               |       |       |       |       |       |       |     1 |       |       ||     1
         Storm             |       |       |       |       |       |       |     1 |     2 |     2 ||     5
         Death             |       |       |       |       |       |       |       |     1 |     8 ||     9
         Blade             |       |       |       |       |       |       |       |     1 |     3 ||     4

Table legend: (Time is in decaauts)
 A = Elapsed time spent in this place.
 B = Non-inter-level travel time spent in this place.
 C = Inter-level travel time spent in this place.
 D = Time resting spent in this place.
 E = Time spent auto-exploring this place.
 F = Levels seen in this place.
 G = Mean time per level.
                   A        B        C        D        E       F      G
               +--------+--------+--------+--------+--------+-----+--------+
         Total | 230532 | 185132 |  45400 |  23754 | 112259 | 108 | 2134.6 |
       Dungeon |  36167 |  19536 |  16631 |   1382 |  14761 |  15 | 2411.1 |
        Temple |      1 |      1 |      0 |      0 |      0 |   1 |    1.0 |
          Lair |  13919 |  10709 |   3210 |   1630 |   6747 |   5 | 2783.8 |
         Swamp |   6528 |   5740 |    788 |    640 |   4091 |   4 | 1632.0 |
     Snake Pit |  12715 |   9745 |   2970 |    910 |   6870 |   4 | 3178.8 |
    Slime Pits |   4681 |   4211 |    470 |    739 |   1730 |   5 |  936.2 |
  Orcish Mines |   3817 |   3382 |    435 |    797 |   1736 |   2 | 1908.5 |
   Elven Halls |  10419 |   9889 |    530 |   1167 |   6163 |   3 | 3473.0 |
        Vaults |  20436 |  14262 |   6174 |   1315 |   9856 |   5 | 4087.2 |
         Crypt |   8878 |   7321 |   1557 |    265 |   5830 |   3 | 2959.3 |
          Tomb |   6368 |   5365 |   1003 |    762 |   2917 |   3 | 2122.7 |
        Depths |  17932 |  12630 |   5302 |   1708 |   8387 |   4 | 4483.0 |
          Hell |   5044 |   3826 |   1218 |   1827 |   1431 |   1 | 5044.0 |
           Dis |   6696 |   5944 |    752 |   1645 |   2486 |   6 | 1116.0 |
       Gehenna |   7435 |   6798 |    637 |    816 |   4595 |   7 | 1062.1 |
       Cocytus |   6611 |   5947 |    664 |   1027 |   3021 |   7 |  944.4 |
      Tartarus |   6396 |   5143 |   1253 |    724 |   2443 |   7 |  913.7 |
           Zot |  15369 |  13572 |   1797 |   1758 |   7738 |   5 | 3073.8 |
         Abyss |   1200 |   1200 |      0 |    234 |     68 |   4 |  300.0 |
   Pandemonium |  36531 |  36531 |      0 |   3860 |  20123 |  14 | 2609.4 |
        Bailey |    656 |    656 |      0 |     99 |    229 |   1 |  656.0 |
      Ice Cave |    898 |    898 |      0 |    345 |    121 |   1 |  898.0 |
    Desolation |   1824 |   1824 |      0 |     97 |    909 |   1 | 1824.0 |
               +--------+--------+--------+--------+--------+-----+--------+

Top non-repeatable levels by time:
Vaults:1: 7194 daAuts
Depths:1: 5695 daAuts
Depths:3: 5682 daAuts
    D:14: 5440 daAuts
   Zot:5: 5123 daAuts
    Hell: 5044 daAuts
  Lair:1: 4902 daAuts
   Elf:3: 4878 daAuts
 Snake:1: 4394 daAuts
Depths:2: 4346 daAuts
   Dis:7: 4323 daAuts
     D:9: 4104 daAuts
   Geh:7: 4092 daAuts
    D:15: 4074 daAuts
Vaults:3: 3968 daAuts
